 Dungeon Crawl Stone Soup version 0.32-a0-953-g508020473e (webtiles) character file.

Game seed: 6811221005879966644

13885443 SaltyWalty the Axe Maniac (level 27, 257/273 HPs)
             Began as a Minotaur Monk on Apr 9, 2024.
             Was the Champion of the Shining One.
             Escaped with the Orb
             ... and 15 runes on Apr 16, 2024!
             The game lasted 05:55:03 (114694 turns).

SaltyWalty the Axe Maniac (Minotaur Monk)         Turns: 114694, Time: 05:55:04

Health: 257/273    AC: 59    Str: 31    XL:     27
Magic:  48/48      EV: 18    Int: 13    God:    the Shining One [******]
Gold:   11548      SH:  0    Dex: 17    Spells: 20/46 levels left

rFire   + . .        a - +9 executioner's axe (holy)
rCold   + . .        (shield currently unavailable)
rNeg    + + +        n - +13 crystal plate armour "Eduriclawn" {rElec Will+}
rPois   .            Y - +0 hat of Ignis's Hope {Rampage Will++ Str+2 Dex-3}
rElec   +            V - +4 dragonskin cloak {Aegis}
rCorr   +            q - +2 pair of gloves of the Three Gazing Hells {Will+ Str+3}
SInv    .            f - +3 pair of seven-league boots {Rampage+∞}
Will    +++++        g - amulet "Firiemip" {Faith Regen+ rCorr Stlth+} Stlth
                     v - ring "Roheacka" {rElec rF+ MP+9}
HPRegen 1.45/turn    Q - ring of Kinging {rC+ Will- Int+6 Dex+3}
MPRegen 0.31/turn

%: rampage+∞, faith
@: glowing, studying 5 skills
A: horns 2, retaliatory headbutt, claws 1, shaggy fur 1, electricity resistance
0: Orb of Zot
}: 15/15 runes: barnacled, slimy, silver, golden, iron, obsidian, icy, bone,
abyssal, demonic, glowing, magical, fiery, dark, gossamer
a: Renounce Religion, Divine Shield, Cleansing Flame, Summon Divine Warrior


You escaped.
You worshipped the Shining One.
The Shining One was exalted by your worship.
You visited 18 branches of the dungeon, and saw 88 of its levels.
You visited Pandemonium 1 time, and saw 11 of its levels.
You visited the Abyss 3 times.
You also visited: Trove, Gauntlet and Ice Cave.

You collected 18131 gold pieces.
You spent 6432 gold pieces at shops.
You donated 151 gold pieces to Zin.

Inventory:

Hand Weapons
 a - a +9 executioner's axe of holy wrath (weapon)
 o - the +8 sling of Punishment {antimagic, rC+ rN+ rCorr Int+4}
   (You took it off a minotaur in a Gauntlet)

   Int+4:     It affects your intelligence (+4).
   rC+:       It protects you from cold.
   rN+:       It protects you from negative energy.
   rCorr:     It protects you from acid and corrosion.
 y - the +27 heavy crossbow "Sniper" {heavy, Acc+∞ SInv}
   (You bought it in a shop on level 2 of the Elven Halls)

   Acc+∞: It never misses its target.
   SInv:      It lets you see invisible.
 W - the +16 obsidian axe {drain, demonic, Mesm ^Drain Fly SInv}
   (You found it on level 7 of Gehenna)

   Mesm:      Its wielder is mesmerised by any visible foes, and it cannot be
   unequipped while any foes are visible.
   SInv:      It lets you see invisible.
   Fly:       It grants you flight.
   ^Drain:    It drains your maximum health when unequipped.
   The Shining One disapproves of the use of such an item.
 Z - the +8 war axe "Liolan" {antimagic, *Noise rCorr Dex+3}
   (You found it on level 3 of the Crypt)

   Dex+3:     It affects your dexterity (+3).
   *Noise:    It may make a loud noise when swung.
   rCorr:     It protects you from acid and corrosion.
Missiles
 w - 47 atropa-tipped darts (quivered)
 J - 9 throwing nets
 S - 30 silver javelins
Armour
 d - the +7 Kryia's mail coat {PotionHeal*2 rC+}
   (Okawaru gifted it to you on level 15 of the Dungeon)

   PotionHeal*2: Potions heal its wearer twice as much.
   rC+:       It protects you from cold.
 f - the +3 pair of seven-league boots (worn) {Rampage+∞}
   (You found it in a Gauntlet)

   Rampage+∞: When moving toward enemies, its wearer moves as far as possible,
   alerting their target en route.
 n - the +13 crystal plate armour "Eduriclawn" (worn) {rElec Will+}
   (You bought it in a shop on level 2 of the Vaults)

   rElec:     It insulates you from electricity.
   Will+:     It increases your willpower.
 q - the +2 pair of gloves of the Three Gazing Hells (worn) {Will+ Str+3}
   (You found it in a treasure trove)

   Str+3:     It affects your strength (+3).
   Will+:     It increases your willpower.
 t - the +0 pair of boots of Happy Babbling {Rampage rElec rC+ rN+}
   (You found it on level 13 of the Dungeon)

   rC+:       It protects you from cold.
   rElec:     It insulates you from electricity.
   rN+:       It protects you from negative energy.
   Rampage:   It bestows one free step when moving towards enemies.
 R - the +2 hat "Juahat" {Str+7 Int-3 Dex+3}
   (You acquired it on level 3 of the Elven Halls)

   Str+7:     It affects your strength (+7).
   Int-3:     It affects your intelligence (-3).
   Dex+3:     It affects your dexterity (+3).
 U - +12 gold dragon scales
 V - the +4 dragonskin cloak (worn) {Aegis}
   (You took it off Tiamat on level 3 of the Realm of Zot)

   Avatar's Aegis: It grants the wearer a chance to resist fire, cold, poison,
   electricity, acid, and negative energy.
 Y - the +0 hat of Ignis's Hope (worn) {Rampage Will++ Str+2 Dex-3}
   (You acquired it on level 5 of the Realm of Zot)

   Str+2:     It affects your strength (+2).
   Dex-3:     It affects your dexterity (-3).
   Will++:    It greatly increases your willpower.
   Rampage:   It bestows one free step when moving towards enemies.
Jewellery
 e - the ring of Ybauduin {Fly SInv Stlth+}
   (You found it in a treasure trove)

   [ring of see invisible]

   SInv:      It lets you see invisible.
   Fly:       It grants you flight.
   Stlth+:    It makes you more stealthy.
 g - the amulet "Firiemip" (around neck) {Faith Regen+ rCorr Stlth+}
   (You found it on level 2 of the Depths)

   [amulet of faith]

   Faith:     It allows you to gain divine favour quickly.
   Regen+:    It increases your rate of health regeneration.
   rCorr:     It protects you from acid and corrosion.
   Stlth+:    It makes you more stealthy.
 i - the ring of Jekhlahim {Fire *Corrode rN++ Will+}
   (You found it on level 3 of the Crypt)

   [ring of fire]

   Fire:      It enhances your fire magic.
   rF+:       It protects you from fire.
   rC-:       It makes you vulnerable to cold.
   rN++:      It greatly protects you from negative energy.
   Will+:     It increases your willpower.
   *Corrode:  It may corrode you when you take damage.
 p - the ring "Daxt" {*Slow rPois rN++ Int+6 Dex+6 Stlth+}
   (You found it on level 3 of the Crypt)

   [ring of dexterity]

   Int+6:     It affects your intelligence (+6).
   Dex+6:     It affects your dexterity (+6).
   rPois:     It protects you from poison.
   rN++:      It greatly protects you from negative energy.
   *Slow:     It may slow you when you take damage.
   Stlth+:    It makes you more stealthy.
 r - the ring of Qoczuf {Fly rPois rN++ AC+4 Str+2 Slay-4}
   (You found it on level 3 of the Crypt)

   [ring of protection]

   AC+4:      It affects your AC (+4).
   Str+2:     It affects your strength (+2).
   Slay-4:    It affects your accuracy & damage with ranged weapons and melee
   (-4).
   rPois:     It protects you from poison.
   rN++:      It greatly protects you from negative energy.
   Fly:       It grants you flight.
 s - the ring "Riecaurr" {Wiz rC+ Will+ Int+7}
   (You found it on level 7 of Gehenna)

   [ring of wizardry]

   Wiz:       It improves your spell success rate.
   Int+7:     It affects your intelligence (+7).
   rC+:       It protects you from cold.
   Will+:     It increases your willpower.
 v - the ring "Roheacka" (left hand) {rElec rF+ MP+9}
   (You took it off a deep elf demonologist on level 3 of the Elven Halls)

   [ring of magical power]

   rF+:       It protects you from fire.
   rElec:     It insulates you from electricity.
   MP+9:      It affects your magic capacity (+9).
 F - the ring "Esousava" {+Blink rElec rN+ Str-5 Stlth+}
   (You took it off a deep elf demonologist on level 3 of the Elven Halls)

   [ring of positive energy]

   Str-5:     It affects your strength (-5).
   rElec:     It insulates you from electricity.
   rN+:       It protects you from negative energy.
   +Blink:    It lets you blink.
   Stlth+:    It makes you more stealthy.
 K - the ring "Doemaj Gubo" {rN+ Str+6 Slay+3}
   (You found it on level 7 of the Iron City of Dis)

   [ring of strength]

   Str+6:     It affects your strength (+6).
   Slay+3:    It affects your accuracy & damage with ranged weapons and melee
   (+3).
   rN+:       It protects you from negative energy.
 M - a ring of protection from cold
 O - the ring of the Gloaming {rElec rF+ rCorr Dex+2}
   (You found it on level 7 of Cocytus)

   [ring of protection from fire]

   Dex+2:     It affects your dexterity (+2).
   rF+:       It protects you from fire.
   rElec:     It insulates you from electricity.
   rCorr:     It protects you from acid and corrosion.
 Q - the ring of Kinging (right hand) {rC+ Will- Int+6 Dex+3}
   (You found it on level 3 of the Depths)

   [ring of protection from cold]

   Int+6:     It affects your intelligence (+6).
   Dex+3:     It affects your dexterity (+3).
   rC+:       It protects you from cold.
   Will-:     It decreases your willpower.
 T - the ring "Laiwuilo" {rN+ EV+5 Dex+9}
   (You found it on level 3 of the Tomb of the Ancients)

   [ring of evasion]

   EV+5:      It affects your evasion (+5).
   Dex+9:     It affects your dexterity (+9).
   rN+:       It protects you from negative energy.
Talismans
 P - a talisman of death
Wands
 E - a wand of quicksilver (56)
 G - a wand of digging (22)
Scrolls
 b - 12 scrolls of enchant weapon
 c - 10 scrolls of brand weapon
 h - 7 scrolls of enchant armour
 j - 10 scrolls of summoning
 u - 18 scrolls of teleportation
 z - 4 scrolls of blinking
 A - 11 scrolls of fear
 I - 4 scrolls of silence
 N - 3 scrolls of revelation
 X - 10 scrolls of fog
Potions
 m - 10 potions of enlightenment
 x - 5 potions of resistance
 B - 3 potions of heal wounds
 C - 8 potions of cancellation
 D - 35 potions of curing
 H - 2 potions of mutation
 L - 8 potions of magic


   Skills:
 O Level 27 Fighting
 O Level 27 Axes
 - Level 12.0 Ranged Weapons
 + Level 25.3 Armour
 + Level 24.8 Dodging
 - Level 10.2 Spellcasting
 - Level 17.9 Hexes
 - Level 23.3 Translocations
 - Level 19.3 Air Magic
 O Level 27 Invocations


You had 20 spell levels left.
You knew the following spells:

 Your Spells              Type           Power      Damage    Failure   Level
a - Apportation           Tloc           100%       N/A       0%          1
b - Dimensional Bullseye  Hex/Tloc       28%        N/A       1%          4
c - Silence               Hex/Air        26%        N/A       1%          5
d - Enfeeble              Hex            26%        N/A       32%         7
e - Blink                 Tloc           100%       N/A       0%          2
f - Maxwell's Portable P  Tloc           61%        2d(11-31) 0%          3
g - Passage of Golubria   Tloc           61%        N/A       1%          4

Your spell library contained the following spells:

 Spells                   Type           Power      Damage    Failure   Level
 Lesser Beckoning         Tloc           100%       N/A       0%          2
 Teleport Other           Tloc           61%        N/A       0%          3
 Shock                    Conj/Air       100%       1d9       1%          1
 Slow                     Hex            100%       N/A       1%          1
 Jinxbite                 Hex            100%       N/A       1%          2
 Mercury Vapours          Alch/Air       62%        N/A       1%          2
 Momentum Strike          Conj/Tloc      72%        3d10      1%          2
 Static Discharge         Conj/Air       62%        3-6/arc   1%          2
 Confusing Touch          Hex            52%        N/A       1%          3
 Swiftness                Air            54%        N/A       1%          3
 Tukima's Dance           Hex            52%        N/A       1%          3
 Volatile Blastmotes      Fire/Tloc      72%        2d16      1%          3
 Airstrike                Air            27%        2d(4-20)  1%          4
 Cause Fear               Hex            26%        N/A       1%          4
 Dispersal                Tloc           30%        N/A       1%          6
 Gell's Gavotte           Tloc           30%        2d(25-37) 1%          6
 Ensorcelled Hibernation  Hex/Ice        58%        N/A       2%          2
 Dazzling Flash           Conj/Hex       58%        N/A       4%          3
 Iskenderun's Mystic Bla Conj/Tloc 36%            2d9        (+2d4     5%          4
 Mephitic Cloud           Conj/Alch/Air  23%        N/A       13%         3
 Summon Forest            Summ/Tloc      18%        N/A       14%         5
 Anguish                  Hex/Necr       14%        N/A       16%         4
 Disjunction              Tloc           30%        N/A       28%         8
 Arcjolt                  Conj/Air       15%        1d25      32%         5
 Metabolic Englaciation   Hex/Ice        14%        N/A       41%         5
 Summon Mana Viper        Hex/Summ       29%        N/A       41%         5
 Yara's Violent Unravell  Hex/Alch       14%        3d7       41%         5
 Foxfire                  Conj/Fire      24%        2x1d5     54%         1
 Freeze                   Ice            24%        1d4       54%         1
 Magic Dart               Conj           24%        1d4       54%         1
 Necrotise                Necr           24%        1d5       54%         1
 Sting                    Conj/Alch      24%        1d4       54%         1
 Summon Small Mammal      Summ           24%        N/A       54%         1
 Scorch                   Fire           12%        2d5       67%         2
 Searing Ray              Conj           12%        2d4       67%         2
 Sublimation of Blood     Necr           6%         N/A       67%         2
 Freezing Cloud           Conj/Ice/Air   11%        6-21      77%         5
 Maxwell's Capacitive Co  Air            27%        ∞         83%         8
 Call Canine Familiar     Summ           6%         N/A       88%         3
 Frozen Ramparts          Ice            12%        1d2       88%         3
 Fugue of the Fallen      Necr           6%         N/A       88%         3
 Hailstorm                Conj/Ice       6%         3d5       88%         3
 Ozocubu's Armour         Ice            6%         N/A       88%         3
 Passwall                 Erth           6%         N/A       88%         3
 Summon Ice Beast         Ice/Summ       6%         N/A       88%         3
 Vampiric Draining        Necr           6%         2d6       88%         3
 Conjure Ball Lightning   Conj/Air       15%        3x3d6     88%         6
 Plasma Beam              Fire/Air       15%        2x1d27    88%         6
 Discord                  Hex            26%        N/A       95%         8
 Animate Armour           Summ/Erth      12%        N/A       99%         4
 Animate Dead             Necr           6%         N/A       99%         4
 Brom's Barrelling Bould  Conj/Erth      6%         2d3       99%         4
 Flame Wave               Conj/Fire      6%         2d5       99%         4
 Fulminant Prism          Conj/Alch      3%         3d5       99%         4
 Ignite Poison            Fire/Alch      6%         N/A       99%         4
 Leda's Liquefaction      Alch/Erth      3%         N/A       99%         4
 Martyr's Knell           Necr/Summ      6%         N/A       99%         4
 Olgreb's Toxic Radiance  Alch           6%         N/A       99%         4
 Petrify                  Alch/Erth      6%         N/A       99%         4
 Sticky Flame             Fire/Alch      6%         2d4       99%         4
 Summon Blazeheart Golem  Fire/Summ      6%         N/A       99%         4
 Alistair's Intoxication  Alch           4%         N/A       100%        5
 Borgnjor's Vile Clutch   Necr/Erth      3%         N/A       100%        5
 Curse of Agony           Necr           6%         N/A       100%        5
 Fireball                 Conj/Fire      3%         3d4       100%        5
 Irradiate                Conj/Alch      3%         3d12      100%        5
 Iskenderun's Battlesphe  Conj           6%         2d6       100%        5
 Lee's Rapid Deconstruct  Erth           3%         3d5*      100%        5
 Bombard                  Conj/Erth      3%         9d1       100%        6
 Death Channel            Necr           3%         N/A       100%        6
 Eringya's Noxious Bog    Alch           3%         4d6       100%        6
 Permafrost Eruption      Ice/Erth       3%         2x4d2     100%        6
 Sculpt Simulacrum        Ice/Alch       3%         N/A       100%        6
 Starburst                Conj/Fire      3%         6d3       100%        6
 Summon Cactus Giant      Summ           3%         N/A       100%        6
 Haunt                    Necr/Summ      3%         N/A       100%        7
 Magnavolt                Erth/Air       15%        3d12      100%        7
 Monstrous Menagerie      Summ           3%         N/A       100%        7
 Orb of Destruction       Conj           3%         9d5       100%        7
 Ozocubu's Refrigeration  Ice            3%         4d8       100%        7
 Spellforged Servitor     Conj/Summ      3%         N/A       100%        7
 Summon Hydra             Summ           3%         N/A       100%        7
 Borgnjor's Revivificati  Necr           3%         N/A       100%        8
 Lehudib's Crystal Spear  Conj/Erth      3%         10d2      100%        8
 Chain Lightning          Conj/Air       15%        3d20      100%        9
 Death's Door             Necr           3%         N/A       100%        9
 Dragon's Call            Summ           3%         N/A       100%        9
 Fire Storm               Conj/Fire      3%         8d1       100%        9
 Shatter                  Erth           3%         3d7*      100%        9


Dungeon Overview and Level Annotations

Branches:
Dungeon (15/15)            Temple (1/1) D:7            Lair (5/5) D:9
 Shoals (4/4) Lair:2       Spider (4/4) Lair:3        Slime (5/5) Lair:4
    Orc (2/2) D:11            Elf (3/3) Orc:2        Vaults (5/5) D:13
  Crypt (3/3) Vaults:3       Tomb (3/3) Crypt:3      Depths (4/4) D:15
   Hell (visited)             Dis (7/7) Hell            Geh (7/7) Hell
    Coc (7/7) Hell            Tar (7/7) Hell            Zot (5/5) Depths:4
  IceCv (visited)         Gauntlet (visited)

Altars:
Ashenzari
Cheibriados
Dithmenos
Elyvilon
Fedhas
Gozag
Hepliaklqana
Kikubaaqudgha
Makhleb
Nemelex Xobeh
Okawaru
Qazlal
Ru
Sif Muna
Trog
Uskayaw
Vehumet
Wu Jian
Xom
Yredelemnul
Zin
The Shining One
Beogh
Jiyva
Lugonu

Shops:
D:12 !   Orc:2 (:*   Elf:2 *(([[   Vaults:2 [   Vaults:3 *   Vaults:4 :[:
Depths:1 ![!   Depths:3 ?=[=(!

Portals:
Hell: Depths:1 Depths:2 Depths:3 Depths:4
Abyss: Lair:5 Crypt:2 Depths:1 Depths:3 Depths:4
Pandemonium: Depths:2 Depths:3
Ziggurat: Tomb:3 Depths:1

Annotations:
D:3 2 transporters
D:6 2 runed translucent doors, Pokonic1's ghost, novice OnWr
D:7 3 runed translucent doors, McSplat's ghost, amateur TrFi
D:15 2 transporters, Roxanne
Vaults:4 1 runed translucent door, Jesaaggu's ghost, adept MiNe
Crypt:3 Mennas
Zot:3 4 transporters


Innate Abilities, Weirdness & Mutations

You have a pair of horns on your head.
You reflexively headbutt those who attack you in melee.
You have sharp fingernails.
You are covered in fur. (AC +1)
You are resistant to electric shocks. (rElec)


Message History

You carve the hell hog like the proverbial ham!!!
The hell hog convulses!!
You kill the hell hog!
The Shining One accepts your kill.
You feel better.
You stride towards the hell hog!
You hit the hell hog.
The hell hog convulses.
You headbutt the hell hog!
The hell hog is moderately wounded.
The hell hog bites you but does no damage.
The hell hog breathes fire at you.
The fireball explodes!
The fireball engulfs you! You resist.
The fireball engulfs the hell hog.
The hell hog completely resists.
You carve the hell hog like the proverbial ham!!!
You kill the hell hog!
The Shining One accepts your kill.
Unknown command.
You slice the hell hog!!
The hell hog convulses.
You headbutt the hell hog!
The hell hog is severely wounded.
You completely miss the hell hog. The hell hog bites you.
The hell hog breathes fire at you.
The fireball explodes!
The fireball engulfs you!! You resist.
The fireball engulfs the hell hog.
The hell hog completely resists.
The fireball engulfs the hell hog.
The hell hog completely resists.
You slash the hell hog!
The hell hog convulses!
You kill the hell hog!
The Shining One accepts your kill.
You feel better.
You slash the hell hog!
The hell hog convulses.
The hell hog bites you but does no damage.
Unknown command.
You slice the hell hog!!
The hell hog convulses!!
You kill the hell hog!
The Shining One accepts your kill.
You feel better.
Unknown command.
No target in view!
No target in view!
You open the door.
There is an open door here.
There is a staircase leading out of the dungeon here.
You have escaped!

.#.##............................
.#####...#.........#..........###
...................#..........###
###................##'###........
##.).......##+###'##............
#..........#≈.§§§.≈#............
#........#.#≈≈§≈§≈≈##.......#...
#........#.#≈≈§§§§≈##.......#...
##.......##...≈.@.§............##
#).......##.#≈≈..§§≈##...........
#........#..#≈≈§§§§≈##...........
#.........>.#≈.§≈≈.≈##...........
#...........##+###'####..........
#..................####........##
###........##.##.....##........#
..............##........#########
#####......#####........# #.....


There were no monsters in sight!

Vanquished Creatures
  Cerebov (Pan)
  Antaeus (Coc:7)
  Asmodeus (Geh:7)
  the Royal Jelly (Slime:5)
  Ereshkigal (Tar:7)
  Gloorx Vloq (Pan)
  Mnoleg (Pan)
  the Serpent of Hell (Dis:7)
  Lom Lobon (Pan)
  Dispater (Dis:7)
  13 pandemonium lords
  Tiamat (Zot:3)
  Frederick (Crypt:1)
  5 orbs of fire
  11 dread liches
  14 ancient liches
  5 juggernauts
  Mara (Spider:4)
  38 royal mummies
  Xtahua (Depths:4)
  The ghost of Cein the Devastator, a veteran DgCj (Depths:3)
  21 shard shrikes
  The ghost of Ygearrag the Slayer, a veteran DrBe of Jiyva (Depths:3)
  6 Killer Klowns
  2 curse toes
  The ghost of Hali the Executioner, a veteran FoFi of Dithmenos (Crypt:2)
  13 caustic shrikes
  7 golden dragons
  Geryon (Hell)
  23 bone dragons
  13 doom hounds
  Jory (Crypt:1)
  21 profane servitors
  5 iron giants
  21 Tzitzimimeh
  14 Brimstone Fiends
  2 shard shrike zombies
  2 electric golems (Zot:5)
  11 tentacled monstrosities
  5 hellephants
  15 Hell Sentinels
  Mlioglotl (Shoals:4)
  Rupert (D:14)
  33 tainted leviathans
  2 walking crystal tomes
  Grunn (Crypt:1)
  26 Orb Guardians
  22 Ice Fiends
  15 liches
  8 deep elf master archers
  Zenata (Vaults:1)
  14 sphinxes
  3 quicksilver dragons
  4 walking frostbound tomes
  7 deep elf blademasters
  16 searing wretches
  21 titans
  24 Executioners
  21 acid blobs
  A kraken (Shoals:4)
  10 tentacled starspawn
  31 ancient champions
  6 death cobs
  4 revenants
  Kirke (D:15)
  10 tengu reavers
  7 demonspawn warmongers (Pan)
  4 draconian knights
  9 protean progenitors
  10 shadow dragons
  18 rockslimes
  A fenstrider witch (Shoals:2)
  2 draconian monks (Zot:3)
  A daeva (Abyss:3)
  16 azure jellies
  15 storm dragons
  18 narguns
  33 fire giants
  7 draconian scorchers
  6 quicksilver elementals
  22 frost giants
  6 emperor scorpions
  7 deep elf sorcerers
  5 draconian shifters
  10 ghost moths
  3 caustic shrike zombies
  58 balrugs
  A spectral caustic shrike (Tar:3)
  12 iron dragons
  17 vault wardens
  3 deep elf elementalists (Elf:3)
  6 orc warlords
  Louise (D:14)
  9 shard shrike simulacra
  5 ghouls
  An angel (Pan)
  32 cacodemons
  39 reapers
  3 draconian stormcallers
  12 demonspawn corrupters
  15 ironbound preservers
  11 draconian annihilators
  13 quicksilver oozes
  4 curse skulls
  5 broodmothers
  A starflower (Abyss:3)
  3 spriggan defenders (Depths:2)
  7 ironbound thunderhulks
  35 very ugly things
  31 stone giants
  5 juggernaut skeletons
  6 caustic shrike skeletons (Pan)
  2 formless jellyfish (Slime:5)
  14 demonspawn blood saints (Pan)
  24 elemental wellsprings
  10 vampire knights
  11 deep elf demonologists
  6 white draconians
  22 wendigos
  16 spark wasps
  17 deep elf annihilators
  8 yellow draconians
  13 lorocyprocas
  6 green draconians
  9 demonspawn black suns
  4 bennus
  39 war gargoyles
  9 deep elf death magi
  2 minotaurs
  7 black draconians
  4 dire elephants (Vaults:1)
  36 putrid mouths
  29 starcursed masses
  14 red draconians
  7 purple draconians
  20 iron golems
  14 ettins
  34 blizzard demons
  9 eidola
  Snorg (D:14)
  4 merfolk impalers
  2 spectral quicksilver dragons
  6 merfolk javelineers
  22 mummy priests
  4 crystal guardians
  8 yaktaur captains
  4 fire dragons
  10 green deaths
  A spectral iron giant (Tar:3)
  Josephine (D:14)
  11 jiangshi
  9 rakshasas
  4 spectral spriggans
  2 spectral krakens (Tar:7)
  3 spriggan zombies (Crypt:3)
  17 great orbs of eyes
  16 salamander tyrants
  5 deep elf high priests
  34 vault guards
  12 entropy weavers
  4 hydras
  11 ice dragons
  2 hell beasts
  10 spriggan air magi
  An alligator snapping turtle (Shoals:3)
  6 juggernaut simulacra
  3 peacekeepers
  12 caustic shrike simulacra
  3 spriggan skeletons
  4 boulder beetles
  A catoblepas (Lair:4)
  Harold (Orc:1)
  5 radroaches
  8 merfolk avatars
  Erica (D:8)
  16 stokers
  23 centaur warriors
  3 ogre magi
  7 ironbound frosthearts
  A sphinx zombie (Depths:3)
  A two-headed ogre (shapeshifter) (Depths:2)
  5 death knights
  6 jorogumos
  A torpor snail (shapeshifter) (Vaults:5)
  34 dancing weapons
  6 merfolk aquamancers (Shoals:4)
  12 two-headed ogres
  5 satyrs
  10 deep troll shamans
  5 tengu warriors
  81 death scarabs
  6 deep troll earth magi
  15 demonic crawlers
  A quicksilver ooze zombie (Crypt:1)
  3 death yaks (Lair:5)
  8 spriggan berserkers
  A spectral dire elephant (Tar:2)
  5 vampire magi
  4 orc high priests
  15 thrashing horrors
  35 hell hogs
  Urug (Orc:1)
  21 hell knights
  4 spectral nagas
  An occultist (D:15)
  64 sun demons
  2 titan zombies
  9 crystal echidnas
  33 soul eaters
  5 hellephant skeletons (Pan)
  8 wretched stars
  A fire crab (shapeshifter) (Lair:5)
  11 pharaoh ants
  7 iron trolls
  3 skysharks
  32 deep elf knights
  32 sixfirhies
  16 skeletal warriors
  2 titan skeletons
  A golden dragon zombie (Depths:3)
  Nergalle (Lair:1)
  6 shadow wraiths
  A spectral bunyip (Tar:1)
  20 shadow demons
  2 spectral anacondas
  A storm dragon zombie (Crypt:3)
  2 bunyip zombies
  5 flayed ghosts
  9 sea snakes
  5 anaconda zombies
  15 deep elf archers
  55 deep trolls
  3 quicksilver dragon simulacra
  A glowing orange brain (shapeshifter) (Depths:2)
  3 deep trolls (shapeshifter) (Vaults:5)
  13 sun moths
  5 spriggan simulacra
  A sea snake (shapeshifter) (Depths:2)
  6 glowing orange brains
  A bunyip skeleton (Crypt:3)
  4 bog bodies (Crypt:2)
  11 orb spiders
  19 harpies
  2 anaconda skeletons
  31 necromancers
  7 arcanists
  Pikel (D:7)
  A fenstrider witch simulacrum (Crypt:1)
  5 lindwurms
  6 thermic dynamos
  26 deep elf zephyrmancers
  8 steelbarb worms
  16 ironbound convokers
  An orange crystal statue (Zot:5)
  5 obsidian bats
  21 phantasmal warriors
  A wolf spider zombie (D:15)
  4 cyclopes
  A stone giant zombie (Vaults:2)
  A harpy (shapeshifter) (Abyss:1)
  28 fauns
  2 iron dragon zombies
  25 orc knights
  10 orc sorcerers
  3 shadow dragon skeletons
  37 wolf spiders
  42 ugly things
  2 salamanders (Pan)
  Maurice (D:7)
  30 deep elf pyromancers
  2 worldbinders (Abyss:3)
  4 elephants (Lair:4)
  11 shining eyes
  9 meliai
  16 manticores
  2 spectral centaurs
  A spectral alligator snapping turtle (Tar:1)
  A dire elephant zombie (Abyss:1)
  An alligator skeleton (Hell)
  4 Executioner simulacra (Pan)
  A guardian serpent (shapeshifter) (Depths:2)
  5 black mambas
  9 ice statues
  3 apocalypse crabs
  5 rust devils
  3 centaur zombies
  14 vault sentinels
  A stone giant skeleton (Tomb:3)
  8 merfolk sirens
  28 moths of wrath
  2 molten gargoyles (Hell)
  7 water nymphs
  An alligator snapping turtle zombie (Crypt:3)
  A water nymph (shapeshifter) (D:13)
  38 smoke demons
  A storm dragon simulacrum (Tomb:1)
  5 centaur skeletons
  7 torpor snails
  39 large abominations
  7 spectral swamp worms (Tar:7)
  4 titan simulacra
  An unseen horror (shapeshifter) (Crypt:2)
  4 eyes of devastation
  A gargoyle (D:13)
  A draconian skeleton (Crypt:3)
  26 orange demons
  A naga zombie (Crypt:3)
  16 hellions
  4 naga skeletons
  7 rime drakes
  23 freezing wraiths
  Jeremiah (D:8)
  10 cane toads
  3 anaconda simulacra
  19 tormentors
  22 yaktaurs
  8 komodo dragons
  4 tengu conjurers
  11 efreet
  A sea snake zombie (Hell)
  Psyche (D:7)
  10 red devils (Pan)
  7 ice devils (Pan)
  2 spectral harpies
  5 harpy zombies
  4 iron giant simulacra (Coc:7)
  43 guardian mummies
  2 sea snake skeletons (Hell)
  3 human zombies (Vaults:2)
  A hydra zombie (Crypt:2)
  4 ancient zymes (Abyss:3)
  2 silent spectres
  2 tyrant leeches
  A bunyip simulacrum (Coc:1)
  27 hellwings
  30 merfolk
  5 trolls
  A wind drake (shapeshifter) (Abyss:1)
  16 raiju
  31 jumping spiders
  35 tarantellas
  7 wind drakes
  3 hydra skeletons
  4 polar bears
  10 blink frogs
  3 harpy skeletons
  A fire dragon zombie (Crypt:3)
  21 dream sheep
  5 hornets
  8 snapping turtles
  A sun moth zombie (Crypt:2)
  A deep troll zombie (Vaults:2)
  A glass eye (shapeshifter) (Depths:2)
  7 glass eyes
  A fire giant simulacrum (Depths:1)
  A stone giant simulacrum (Tomb:1)
  3 iron dragon simulacra
  109 slime creatures
  4 air elementals
  3 centaur simulacra
  9 water elementals
  2 spriggans (Depths:1)
  Sigmund (D:2)
  An elf skeleton (Vaults:2)
  An ettin skeleton (Vaults:2)
  3 wyverns
  9 dire elephant simulacra
  32 culicivoras
  4 shadows
  20 ynoxinuls
  15 wraiths
  6 naga simulacra
  A fire bat (Abyss:1)
  68 yaks
  21 ushabtiu
  3 hogs (D:15)
  4 humans (D:15)
  8 vampire mosquitoes
  7 basilisks
  31 chaos spawn
  24 neqoxecs
  11 golden eyes
  A hog (shapeshifter) (Lair:5)
  67 redbacks
  4 fire elementals
  3 steam dragons
  5 wargs
  4 swamp worms (Gauntlet)
  17 harpy simulacra
  An acid dragon (shapeshifter) (Vaults:5)
  2 hydra simulacra
  4 hell hounds
  Duvessa (D:6)
  15 water moccasins
  2 tengu skeletons
  A black bear (shapeshifter) (Lair:5)
  7 ettin simulacra
  An ice dragon simulacrum (Coc:1)
  35 orc warriors
  32 laughing skulls
  9 ogres
  33 small abominations
  A boggart (D:13)
  An ogre (shapeshifter) (Depths:1)
  23 wolves
  A tengu (shapeshifter) (Elf:2)
  A phantom (D:6)
  16 centaurs
  A swamp dragon skeleton (Tomb:2)
  A blink frog skeleton (Crypt:1)
  3 kobold brigands (D:13)
  3 weeping skulls
  A vine stalker zombie (Crypt:2)
  Blork the orc (Orc:2)
  2 brain worms (Abyss:3)
  14 bullfrogs
  2 earth elementals (Elf:1)
  6 scorpions
  A warg skeleton (Crypt:1)
  7 wyvern skeletons (Crypt:3)
  A wyvern zombie (Crypt:1)
  A salamander skeleton (Crypt:1)
  A wight (Abyss:1)
  A shapeshifter zombie (Crypt:2)
  Dowan (D:6)
  6 killer bees (D:9)
  2 lindwurm simulacra (IceCv)
  8 howler monkeys
  5 electric eels
  4 bombardier beetles
  A crimson imp (Abyss:3)
  2 quasits
  5 komodo dragon simulacra (IceCv)
  5 hounds
  A jelly (shapeshifter) (Crypt:2)
  3 jellies
  10 orc priests
  Crazy Yiuf (D:4)
  An iron imp (Abyss:3)
  Jessica (D:2)
  A basilisk skeleton (Crypt:1)
  Terence (D:2)
  2 iguanas
  24 orc wizards
  A boggart zombie (D:15)
  4 hell rats (Lair:3)
  A boggart skeleton (D:13)
  An ice beast zombie (Crypt:2)
  47 mummies
  5 acid dragon simulacra (IceCv)
  6 adders
  5 river rats (Lair:3)
  2 shadow imps
  4 white imps
  6 ufetubi
  9 steam dragon simulacra (IceCv)
  An adder zombie (Crypt:1)
  A dart slug (D:1)
  A ribbon worm (Lair:3)
  99 orcs
  6 ball pythons
  13 bats
  5 endoplasms
  5 giant cockroaches
  7 goblins
  6 hobgoblins
  9 quokkas
  2 frilled lizards (D:2)
  A goblin zombie (Crypt:2)
  A jackal skeleton (Crypt:2)
  6 kobolds
  11 rats
  A rat zombie (Crypt:1)
  5 aspiring fleshes
  4 creeping infernos
  14 fire vortices
  A lurking horror (Abyss:3)
  7 starspawn tentacles
  11 tentacles
4640 creatures vanquished.

Vanquished Creatures (collateral kills)
  A juggernaut (Dis:7)
  A royal mummy (Tomb:1)
  2 ancient champions (Dis:7)
  An Executioner (Pan)
  2 narguns (Coc:7)
  An iron dragon (Dis:7)
  A reaper (Pan)
  2 war gargoyles (Dis:7)
  A sun demon (Pan)
  A soul eater (Pan)
  An orange demon (Pan)
  A guardian mummy (Tomb:1)
  A neqoxec (Pan)
16 creatures vanquished.

Vanquished Creatures (others)
  A shard shrike (Coc:5)
  An Orb Guardian (Zot:5)
  A titan (Zot:1)
  An eldritch tentacle (Pan)
  A fire giant (Geh:4)
  A demonspawn blood saint (Pan)
  2 shard shrike simulacra (Coc:7)
  A wendigo (Coc:4)
  4 caustic shrike simulacra
  A stoker (Geh:7)
  A juggernaut simulacrum (Coc:5)
  A merfolk aquamancer (Shoals:4)
  A quicksilver dragon simulacrum (Coc:3)
  7 spriggan simulacra
  A deep elf zephyrmancer (Crypt:1)
  3 titan simulacra (Coc:3)
  A guardian mummy (Tomb:3)
  An anaconda simulacrum (Coc:7)
  A tormentor (Geh:3)
  2 jumping spiders (Spider:4)
  2 iron dragon simulacra
  A stone giant simulacrum (Coc:2)
  A culicivora (Spider:4)
  2 dire elephant simulacra
  3 harpy simulacra
  A hydra simulacrum (Coc:2)
  2 ettin simulacra
  A naga simulacrum (Coc:2)
  An orc wizard (Orc:2)
  3 creeping infernos
  A fire vortex (Geh:2)
  A lurking horror (Abyss:3)
  16 starspawn tentacles
  10 tentacles
78 creatures vanquished.

Grand Total: 4734 creatures vanquished

Notes
Turn   | Place    | Note
-------+----------+-------------------------------------------
     0 | D:1      | SaltyWalty the Minotaur Monk began the quest for the Orb.
     0 | D:1      | Reached XP level 1. HP: 19/19 MP: 0/0
   246 | D:1      | Reached XP level 2. HP: 15/27 MP: 1/1
   982 | D:2      | Noticed Sigmund
  1157 | D:2      | Noticed Jessica
  1163 | D:2      | Killed Jessica
  1164 | D:2      | Reached XP level 3. HP: 30/34 MP: 2/2
  1251 | D:2      | Reached XP level 4. HP: 38/41 MP: 3/3
  1331 | D:2      | Reached skill level 5 in Fighting
  1331 | D:2      | Reached skill level 5 in Axes
  1410 | D:2      | Noticed Terence
  1415 | D:2      | Killed Terence
  1805 | D:2      | Killed Sigmund
  1806 | D:2      | Reached XP level 5. HP: 15/50 MP: 4/4
  2301 | D:3      | Reached XP level 6. HP: 57/57 MP: 5/5
  2442 | D:3      | Found a transporter.
  2689 | D:3      | Found an iron altar of Okawaru.
  2936 | D:3      | Found a transporter.
  3603 | D:4      | Found a runed translucent door.
  3604 | D:4      | Noticed Crazy Yiuf
  3698 | D:4      | Killed Crazy Yiuf
  3735 | D:5      | Entered Level 5 of the Dungeon
  3820 | D:5      | Reached XP level 7. HP: 65/66 MP: 6/6
  4814 | D:5      | Found a shimmering blue altar of Sif Muna.
  4997 | D:6      | Reached XP level 8. HP: 58/75 MP: 5/7
  5412 | D:6      | Found a large runed translucent door.
  5412 | D:6      | Found a large runed translucent door.
  5413 | D:6      | Noticed Pokonic1's ghost (novice OnWr)
  5546 | D:6      | Identified the +1 robe of the Storm King {Harm Str+4}
  6066 | D:7      | Noticed Duvessa
  6066 | D:7      | Noticed Dowan
  6073 | D:6      | Killed Duvessa
  6074 | D:6      | Killed Dowan
  6326 | D:7      | Found a blossoming altar of Fedhas.
  6421 | D:7      | Reached skill level 10 in Fighting
  6421 | D:7      | Reached skill level 10 in Axes
  6422 | D:7      | Found a runed translucent gate.
  6430 | D:7      | Found a shadowy altar of Dithmenos.
  6522 | D:7      | Found a runed translucent gate.
  6523 | D:7      | Found a runed translucent gate.
  6525 | D:7      | Noticed McSplat's ghost (amateur TrFi)
  6972 | D:7      | Found a staircase to the Ecumenical Temple.
  7088 | Temple   | Entered the Ecumenical Temple
  7229 | D:3      | Became a worshipper of Warmaster Okawaru
  7229 | D:3      | Reached * piety under Okawaru
  7229 | D:3      | Reached ** piety under Okawaru
  7392 | D:8      | Noticed Pikel
  7403 | D:8      | Noticed a hornet
  7407 | D:8      | Noticed Psyche
  7413 | D:7      | Paralysed by a hornet for 2 turns
  7416 | D:7      | Killed a hornet
  7417 | D:7      | Reached XP level 9. HP: 55/86 MP: 5/8
  7595 | D:8      | Noticed Maurice
  7611 | D:7      | Killed Pikel
  7701 | D:8      | Noticed Erica
  7708 | D:7      | Maurice stole a +6 ring of dexterity
  7709 | D:7      | Maurice stole a +0 hand axe
  7709 | D:7      | Maurice stole 367 gold
  7711 | D:7      | Killed Maurice
  7711 | D:7      | Reached *** piety under Okawaru
  7804 | D:8      | Noticed Jeremiah
  7890 | D:7      | Killed Psyche
  8165 | D:8      | Killed Jeremiah
  8165 | D:8      | Reached **** piety under Okawaru
  8245 | D:8      | Killed Erica
  8246 | D:8      | Reached XP level 10. HP: 9/100 MP: 0/9
  8934 | D:9      | Noticed a two-headed ogre
  9145 | D:9      | Reached ***** piety under Okawaru
  9154 | D:9      | Upgraded the game from 0.32-a0-913-g739538afd8 to
                  | 0.32-a0-918-g0f22ef8d61
  9157 | D:9      | Found a staircase to the Lair.
  9181 | D:8      | Received a gift from Okawaru
  9182 | D:8      | Reached skill level 1 in Invocations
  9538 | D:9      | Reached XP level 11. HP: 92/111 MP: 11/11
  9632 | D:9      | Found a hide-covered altar of Uskayaw.
  9662 | D:9      | Found an opulent altar of Gozag.
  9823 | D:9      | Killed a two-headed ogre
  9967 | D:10     | Entered Level 10 of the Dungeon
 10019 | D:10     | Noticed a centaur warrior
 10212 | D:10     | Killed a centaur warrior
 10213 | D:10     | Reached skill level 15 in Axes
 10257 | D:10     | Received a gift from Okawaru
 10258 | D:10     | Reached skill level 15 in Fighting
 10965 | D:11     | You fall into a shaft and drop 2 floors!
 10979 | D:13     | Noticed a centaur warrior
 10990 | D:13     | Killed a centaur warrior
 11038 | D:12     | Noticed a two-headed ogre
 11047 | D:12     | Killed a two-headed ogre
 11099 | D:11     | Found a staircase to the Orcish Mines.
 11629 | D:12     | Noticed a two-headed ogre
 11629 | D:12     | Found a shimmering altar of Xom.
 11838 | D:12     | Killed a two-headed ogre
 12084 | D:12     | Noticed a purple ugly thing
 12097 | D:12     | Killed a purple ugly thing
 12098 | D:12     | Reached skill level 5 in Invocations
 12219 | D:12     | Found Jaorgh's Distillery.
 12223 | D:12     | Bought a potion of heal wounds for 75 gold pieces
 12223 | D:12     | Bought a potion of might for 60 gold pieces
 12223 | D:12     | Bought a potion of curing for 45 gold pieces
 12349 | D:13     | Noticed a centaur warrior
 12349 | D:13     | Noticed a boulder beetle
 12445 | Lair:1   | Entered Level 1 of the Lair of Beasts
 12454 | Lair:1   | Noticed Nergalle
 12580 | D:13     | Reached skill level 1 in Armour
 12580 | D:13     | Reached XP level 12. HP: 116/122 MP: 14/14
 12617 | D:13     | Noticed a two-headed ogre
 12636 | D:13     | Killed a two-headed ogre
 12636 | D:13     | Received a gift from Okawaru
 12657 | D:13     | Noticed a centaur warrior
 12659 | D:13     | Noticed a white very ugly thing
 12659 | D:13     | Noticed a centaur warrior
 12664 | D:13     | Found a transporter.
 12664 | D:13     | Found a transporter.
 12695 | D:13     | Noticed a centaur warrior
 12703 | D:13     | Killed a centaur warrior
 12806 | D:13     | a merfolk changed into an alligator
 12806 | D:13     | Noticed an alligator (glowing shapeshifter)
 12831 | D:13     | Noticed a tengu warrior
 12836 | D:13     | Noticed a tengu warrior
 12843 | D:13     | Killed a tengu warrior
 12853 | D:13     | Killed a tengu warrior
 12854 | D:13     | Killed a centaur warrior
 12961 | D:13     | Received a gift from Okawaru
 12972 | D:13     | Killed a boulder beetle
 12973 | D:13     | Reached skill level 5 in Dodging
 13340 | D:13     | Noticed a two-headed ogre
 13351 | D:13     | Killed a two-headed ogre
 13354 | D:13     | Noticed a tengu warrior
 13358 | D:13     | Noticed an ogre mage
 13468 | D:13     | a merfolk changed into a two-headed ogre
 13468 | D:13     | Noticed a two-headed ogre (glowing shapeshifter)
 13474 | D:13     | a two-headed ogre changed into a sea snake
 13740 | D:13     | Received a gift from Okawaru
 13965 | D:13     | Killed an ogre mage
 14038 | D:13     | Found a gate to the Vaults.
 14065 | D:13     | a skyshark changed into a spark wasp
 14065 | D:13     | Noticed a spark wasp (glowing shapeshifter)
 14071 | D:13     | a spark wasp changed into a raiju
 14219 | D:13     | Noticed a two-headed ogre
 14227 | D:13     | a two-headed ogre changed into a glowing shapeshifter
 14314 | D:14     | Noticed a boulder beetle
 14340 | D:14     | Killed a boulder beetle
 14341 | D:14     | Reached XP level 13. HP: 113/132 MP: 16/16
 14502 | D:14     | Noticed Josephine
 14513 | D:14     | Killed Josephine
 14514 | D:14     | Reached skill level 5 in Armour
 14529 | D:14     | Received a gift from Okawaru
 14608 | D:14     | Noticed Louise
 15143 | Orc:1    | Entered Level 1 of the Orcish Mines
 15250 | Orc:2    | Entered Level 2 of the Orcish Mines
 15250 | Orc:2    | Noticed an orc warlord
 15275 | Orc:1    | Killed an orc warlord
 15564 | Orc:2    | Found a roughly hewn altar of Beogh.
 15574 | Orc:2    | Found a staircase to the Elven Halls.
 16476 | Orc:2    | Received a gift from Okawaru
 16734 | Orc:2    | Noticed Blork the orc
 16757 | Orc:2    | Killed Blork the orc
 16793 | Orc:2    | Noticed an orc warlord
 16825 | Orc:2    | Killed an orc warlord
 16893 | Orc:2    | Found a roughly hewn altar of Beogh.
 16898 | Orc:2    | Found Qatuel's Antique Weapon Boutique.
 16961 | Orc:2    | Found Esyulok's General Store.
 17116 | Orc:1    | Noticed Harold
 17116 | Orc:1    | Noticed Urug
 17153 | Orc:2    | Found Cogiurgh's Book Boutique.
 17177 | Orc:2    | Bought a scroll of identify for 24 gold pieces
 17256 | Orc:2    | Noticed an orc warlord
 17411 | Orc:2    | Killed an orc warlord
 17555 | Orc:2    | Found Nuipheag's Antique Armour Boutique.
 17615 | Orc:2    | Noticed an orc warlord
 17858 | Lair:1   | Killed Nergalle
 18792 | Lair:2   | Found a staircase to the Shoals.
 19177 | Lair:2   | Reached XP level 14. HP: 144/144 MP: 18/18
 19301 | Lair:2   | Received a gift from Okawaru
 19663 | Lair:3   | Found a broken altar of Ashenzari.
 20044 | Lair:3   | Received a gift from Okawaru
 20123 | Lair:3   | Found a hole to the Spider Nest.
 20653 | Lair:4   | Found a gate leading to a gauntlet.
 20665 | Gauntlet | Entered a Gauntlet
 20665 | Gauntlet | Found a transporter.
 20682 | Gauntlet | Found a transporter.
 20696 | Gauntlet | Found a transporter.
 20702 | Gauntlet | Found a transporter.
 20706 | Gauntlet | Found a transporter.
 20721 | Gauntlet | Found a transporter.
 20732 | Gauntlet | Found a transporter.
 20743 | Gauntlet | Found a runed translucent door.
 20744 | Gauntlet | Found a transporter.
 20753 | Gauntlet | Found a runed translucent door.
 20759 | Gauntlet | Found a transporter.
 20772 | Gauntlet | Found a runed translucent gate.
 20773 | Gauntlet | Found a runed translucent gate.
 20773 | Gauntlet | Found a transporter.
 20773 | Gauntlet | Found a transporter.
 20774 | Gauntlet | Found a runed translucent gate.
 20815 | Gauntlet | Found a transporter.
 20829 | Gauntlet | Found a transporter.
 20842 | Gauntlet | Found a transporter.
 21203 | Gauntlet | Identified the +1 cloak of Uskayaw's Grace {rElec rPois
                  | rCorr Dex-3}
 21228 | Gauntlet | Identified the +8 sling of Punishment {antimagic, rC+ rN+
                  | rCorr Int+4}
 21228 | Gauntlet | Identified the +10 trident "Cofug" {protect, rN+ Str+3}
 21322 | Gauntlet | Found the +3 pair of seven-league boots {Rampage+∞}
 21474 | Lair:4   | Received a gift from Okawaru
 21630 | Lair:4   | Found a viscous altar of Jiyva.
 21630 | Lair:4   | Found a staircase to the Slime Pits.
 22114 | Lair:4   | Found a runed translucent door.
 22687 | Lair:5   | Entered Level 5 of the Lair of Beasts
 22730 | Lair:5   | Found a frozen archway.
 22736 | IceCv    | Entered an ice cave
 23278 | IceCv    | Received a gift from Okawaru
 23587 | Lair:5   | Reached XP level 15. HP: 139/152 MP: 20/20
 23937 | Lair:5   | Received a gift from Okawaru
 24197 | Lair:5   | Found a corrupted altar of Lugonu.
 24197 | Lair:5   | Found a one-way gate to the infinite horrors of the Abyss.
 24975 | D:14     | Killed Louise
 25003 | D:14     | Noticed Rupert
 25014 | D:14     | Killed Rupert
 25014 | D:14     | Received a gift from Okawaru
 25363 | D:14     | Noticed Snorg
 25367 | D:14     | Killed Snorg
 25516 | D:15     | Entered Level 15 of the Dungeon
 25619 | D:15     | Found a transporter.
 25625 | D:15     | Found a transporter.
 25627 | D:15     | Found a transporter.
 25671 | D:15     | Identified the +0 buckler "Vulen" {Harm rC+++ Will+ Str-3
                  | Dex-3}
 25723 | D:15     | Noticed Roxanne
 25871 | D:15     | Paralysed by an ogre mage for 4 turns
 26083 | D:15     | Reached ****** piety under Okawaru
 26083 | D:15     | Received a gift from Okawaru
 26106 | D:15     | Acquired a +4 executioner's axe of flaming
 26106 | D:15     | Received a gift from Okawaru
 26109 | D:15     | Acquired the +7 Kryia's mail coat {PotionHeal*2 rC+}
 26109 | D:15     | Received a gift from Okawaru
 26109 | D:15     | Found the +7 Kryia's mail coat {PotionHeal*2 rC+}
 26137 | D:15     | Found a transporter.
 27013 | D:15     | Reached skill level 10 in Armour
 27214 | D:15     | Noticed Kirke
 27231 | D:15     | Killed Kirke
 27232 | D:15     | Reached skill level 10 in Dodging
 27510 | D:15     | Found a staircase to the Depths.
 27993 | Orc:2    | Found a roughly hewn altar of Beogh.
 28227 | Spider:1 | Entered Level 1 of the Spider Nest
 28248 | Spider:1 | Received a gift from Okawaru
 28452 | Spider:1 | Reached skill level 10 in Invocations
 28509 | Spider:1 | Reached XP level 16. HP: 140/165 MP: 0/22
 29512 | Spider:2 | Received a gift from Okawaru
 30905 | Spider:3 | Received a gift from Okawaru
 31449 | Spider:3 | Received a gift from Okawaru
 31857 | D:13     | Reached XP level 17. HP: 160/173 MP: 17/24
 31884 | D:13     | Identified the ring "Umnatteps" {AC+4 Int+2 Dex+3}
 31886 | D:13     | Identified the ring of Dithmenos's Favour {Str+3 Slay+4}
 31896 | D:13     | Identified the +0 pair of boots of Happy Babbling {Rampage
                  | rElec rC+ rN+}
 32241 | Spider:3 | Identified the +0 falchion of the Coward {speed, rElec
                  | Will- Int+4}
 32878 | Spider:4 | Entered Level 4 of the Spider Nest
 32997 | Spider:4 | Noticed Mara
 33313 | Spider:3 | Received a gift from Okawaru
 33572 | Spider:4 | Noticed SaltyWalty's illusion
 33732 | Spider:4 | Noticed SaltyWalty's illusion
 33855 | Spider:4 | Killed Mara
 33855 | Spider:4 | Received a gift from Okawaru
 34578 | Spider:4 | Received a gift from Okawaru
 34728 | Spider:4 | Got a gossamer rune of Zot
 35115 | Elf:1    | Entered Level 1 of the Elven Halls
 35360 | Elf:1    | Reached XP level 18. HP: 175/184 MP: 26/26
 35408 | Elf:1    | Found a radiant altar of Vehumet.
 35731 | Elf:1    | Received a gift from Okawaru
 36511 | Elf:1    | Found a shimmering blue altar of Sif Muna.
 36537 | Elf:1    | Found a roughly hewn altar of Beogh.
 36722 | Elf:2    | Received a gift from Okawaru
 36863 | Elf:2    | Reached skill level 15 in Armour
 36937 | Elf:2    | Found Ezeh's General Store.
 37040 | Elf:2    | Paralysed by an air elemental for 1 turns
 37061 | Elf:2    | Bought a potion of curing for 54 gold pieces
 37061 | Elf:2    | Found Biwim's Weapon Shoppe.
 37249 | Elf:2    | Found Gusasupp's Antique Weapon Shoppe.
 37349 | Elf:2    | Found Voef's Armour Shoppe.
 37379 | Elf:2    | Found Benatt's Antique Armour Emporium.
 37379 | Elf:2    | Paralysed by an air elemental for 1 turns
 37387 | Elf:2    | Reached skill level 1 in Ranged Weapons
 37469 | Elf:2    | Found a runed translucent gate.
 37469 | Elf:2    | Found a runed translucent gate.
 37469 | Elf:2    | Found a runed translucent gate.
 37531 | Elf:2    | Received a gift from Okawaru
 38017 | Elf:3    | Entered Level 3 of the Elven Halls
 38141 | Elf:3    | Received a gift from Okawaru
 38147 | Elf:3    | Reached skill level 15 in Dodging
 38426 | Elf:3    | Reached XP level 19. HP: 191/191 MP: 28/28
 38440 | Elf:3    | Noticed a Brimstone Fiend
 38527 | Elf:3    | Identified the +6 falchion of Furo {holy, Str+3}
 38527 | Elf:3    | Identified the +10 ring mail of Bedazzled Wonder {Dex+3}
 38577 | Elf:3    | Received a gift from Okawaru
 38578 | Elf:3    | Reached skill level 5 in Ranged Weapons
 38669 | Elf:3    | Identified the +2 robe of Entuirul {rCorr Str-2 Archmagi}
 38669 | Elf:3    | Identified the ring "Lacrur" {rCorr Dex+3}
 38682 | Elf:3    | Noticed a Brimstone Fiend
 38732 | Elf:3    | Identified the staff of Overwhelming Force {*Slow rC++
                  | Dex-2 Earth Alchemy}
 38738 | Elf:3    | Noticed a Tzitzimitl
 38899 | Elf:3    | Identified the ring "Roheacka" {rElec rF+ MP+9}
 38899 | Elf:3    | Identified the +12 broad axe "Bingo" {flame, *Rage MP-9
                  | Str+8}
 38919 | Elf:3    | Received a gift from Okawaru
 38936 | Elf:3    | Identified the +6 short sword "Wyro" {antimagic, rPois
                  | rCorr Dex-2 SInv}
 38969 | Elf:3    | Identified the ring "Esousava" {+Blink rElec rN+ Str-5
                  | Stlth+}
 39114 | Elf:3    | Identified the +1 short sword of Valiance {elec, rF+ rN+}
 39269 | Elf:3    | Identified the +5 long sword of Conscience {freeze, Fly
                  | rElec rF- SInv}
 39293 | Elf:3    | Got the Information on Wicked Rituals and the Prime
                  | Material
 39359 | Elf:3    | Identified the +1 arbalest of Minnonte {drain, rPois rC+
                  | Will- Int+3}
 39361 | Elf:3    | Got Ytefas's Quarto of Luminous Mischance
 39363 | Elf:3    | Identified the +0 scale mail of Sirr {Regen+ Int+5}
 39366 | Elf:3    | Got Unaumor's Book of the Frigorific Squall
 39390 | Elf:3    | Identified a scroll of acquirement
 39400 | Elf:3    | Identified the staff "Jigreat" {rPois rN+ Str+4 Dex-3 Necro
                  | Earth}
 39479 | Elf:3    | Acquired the +2 hat "Juahat" {Str+7 Int-3 Dex+3}
 39746 | Orc:1    | Killed Urug
 39750 | Orc:1    | Killed Harold
 40035 | Vaults:1 | Entered Level 1 of the Vaults
 40315 | Vaults:1 | Found Fetwa's Antique Weapon Shoppe.
 40490 | Vaults:1 | Received a gift from Okawaru
 40722 | Vaults:1 | Noticed Zenata
 40725 | Vaults:1 | Reached skill level 15 in Invocations
 40732 | Vaults:1 | Killed Zenata
 41531 | Vaults:2 | Received a gift from Okawaru
 41682 | Vaults:2 | Found Obin's Armour Emporium.
 41767 | Vaults:2 | Bought the +13 crystal plate armour "Eduriclawn" {rElec
                  | Will+} for 1964 gold pieces
 42021 | Vaults:2 | Reached XP level 20. HP: 202/202 MP: 30/30
 42216 | Vaults:2 | Found a portal to a secret trove of treasure.
 42699 | Shoals:1 | Entered Level 1 of the Shoals
 43009 | Shoals:1 | Received a gift from Okawaru
 43385 | Shoals:2 | Identified the ring of Wapt {Will+ Str+4 SInv}
 43476 | Shoals:2 | Upgraded the game from 0.32-a0-918-g0f22ef8d61 to
                  | 0.32-a0-933-ga8fa3634e4
 44337 | Shoals:3 | Received a gift from Okawaru
 44879 | Shoals:4 | Entered Level 4 of the Shoals
 45113 | Shoals:4 | Noticed Mlioglotl
 45117 | Shoals:4 | Killed Mlioglotl
 45307 | Shoals:4 | Received a gift from Okawaru
 45463 | Shoals:4 | Got a barnacled rune of Zot
 46416 | Vaults:3 | Received a gift from Okawaru
 46417 | Vaults:3 | Reached XP level 21. HP: 213/213 MP: 31/31
 46664 | Vaults:3 | Found a staircase to the Crypt.
 46664 | Vaults:3 | Found an ancient bone altar of Kikubaaqudgha.
 46665 | Vaults:3 | Found a basalt altar of Yredelemnul.
 46730 | Vaults:3 | You fall into a shaft and drop 1 floor!
 47411 | Vaults:3 | Found Tawkun's General Store.
 47604 | Vaults:4 | Received a gift from Okawaru
 47609 | Vaults:4 | Found Ymammott's Book Emporium.
 47739 | Vaults:4 | Received a gift from Okawaru
 47859 | Vaults:4 | Found Umiuso Nuor's Book Shoppe.
 48093 | Vaults:4 | Found Haikurch's Antique Armour Boutique.
 48432 | Vaults:4 | Found a runed translucent door.
 48432 | Vaults:4 | Found a shimmering altar of Xom.
 48432 | Vaults:4 | Noticed Jesaaggu's ghost (adept MiNe)
 48866 | Vaults:4 | Received a gift from Okawaru
 49277 | Depths:1 | Entered Level 1 of the Depths
 49277 | Depths:1 | Found a gateway to Hell.
 49649 | Depths:1 | Received a gift from Okawaru
 49653 | Depths:1 | Reached skill level 10 in Ranged Weapons
 49669 | Depths:1 | HP: 5/174 [hell knight/+4 glaive of draining (7)]
 49870 | Depths:1 | Found a one-way gateway to a ziggurat.
 49877 | Depths:1 | Reached XP level 22. HP: 180/191 MP: 33/33
 50089 | Depths:1 | Identified the +4 shortbow of Fose Osopol {drain, rF+ MP+9}
 50230 | Depths:1 | Identified the +4 scale mail of the Dragonfruit {Int+2
                  | SInv}
 50234 | Depths:1 | Found Murocv Suegh's Distillery.
 50236 | Depths:1 | Found Udeni's Antique Armour Shoppe.
 50245 | Depths:1 | Found Jusy's Distillery.
 50249 | Depths:1 | Bought a potion of heal wounds for 80 gold pieces
 50249 | Depths:1 | Bought a potion of curing for 48 gold pieces
 50253 | Depths:1 | Bought a potion of curing for 42 gold pieces
 50253 | Depths:1 | Bought a potion of heal wounds for 70 gold pieces
 50620 | Depths:2 | Noticed a juggernaut
 50625 | Depths:2 | Noticed a juggernaut
 50627 | Depths:2 | Killed a juggernaut
 50629 | Depths:2 | Killed a juggernaut
 50629 | Depths:2 | Received a gift from Okawaru
 50937 | Vaults:2 | You paid a toll of +3 ice dragon scales to enter a treasure
                  | trove
 50938 | Trove    | Entered a treasure trove
 50958 | Trove    | Identified the +2 pair of gloves of the Three Gazing Hells
                  | {Will+ Str+3}
 50980 | Trove    | Identified the ring of Ybauduin {Fly SInv Stlth+}
 50990 | Trove    | Identified the +3 battleaxe of Exquisite Torment {spect,
                  | rPois Str+2 Int+2}
 51364 | Depths:2 | Noticed a golden dragon
 51371 | Depths:2 | Killed a golden dragon
 51506 | Depths:2 | Identified the +6 trident of the Original Sin {flame, *Rage
                  | rElec rN++ rCorr}
 51639 | Depths:2 | Identified the +4 scimitar "Feoxul" {distort, Fly Int+5
                  | Stlth+}
 51736 | Depths:2 | Acquired 1055 gold pieces
 51770 | Depths:2 | Received a gift from Okawaru
 51870 | Depths:2 | Learned a level 1 spell: Apportation
 51875 | Depths:2 | Learned a level 4 spell: Dimensional Bullseye
 51881 | Depths:2 | Learned a level 5 spell: Silence
 51889 | Depths:2 | Learned a level 7 spell: Enfeeble
 51892 | Depths:2 | Learned a level 2 spell: Blink
 51940 | Depths:2 | Found a one-way gate leading to the halls of Pandemonium.
 52144 | Depths:2 | Found a runed translucent door.
 52174 | Depths:2 | Reached skill level 1 in Air Magic
 52177 | Depths:2 | Reached skill level 1 in Hexes
 52177 | Depths:2 | Found a snail-covered altar of Cheibriados.
 52187 | Depths:2 | Found a burning altar of Makhleb.
 52188 | Depths:2 | Found an ornate altar of the Wu Jian Council.
 52188 | Depths:2 | Found a shimmering blue altar of Sif Muna.
 52363 | Depths:2 | Received a gift from Okawaru
 52365 | Depths:2 | Noticed a golden dragon
 52376 | Depths:2 | Killed a golden dragon
 52589 | Depths:2 | Identified the staff of Grontol {rF+ Will+ Int-3 Tloc Fire
                  | Alchemy}
 52883 | Depths:2 | Identified the +2 cloak "Emooz" {Harm Will+ Regen+}
 52884 | Depths:2 | Got the Directory of the Excursion
 52892 | Depths:2 | Identified the staff of Integrity {rN+ Str+3 Dex+5 Necro}
 53031 | Depths:2 | Identified the amulet "Firiemip" {Faith Regen+ rCorr
                  | Stlth+}
 53231 | Depths:3 | Noticed a juggernaut
 53336 | Depths:3 | Found Tujits's Jewellery Emporium.
 53344 | Depths:3 | Reached XP level 23. HP: 229/229 MP: 33/35
 53346 | Depths:3 | Received a gift from Okawaru
 53543 | Depths:3 | Received a gift from Okawaru
 53679 | Depths:3 | Found Emitenyuc's Weapon Shop.
 53682 | Depths:3 | Killed a juggernaut
 53696 | Depths:3 | Reached skill level 5 in Air Magic
 53905 | Depths:3 | Found Cecafany's Jewellery Shoppe.
 53905 | Depths:3 | Found Cujonaakk's Magic Scroll Shoppe.
 53907 | Depths:3 | Found Suhar's Armour Emporium.
 53920 | Depths:3 | Bought a scroll of enchant armour for 120 gold pieces
 53920 | Depths:3 | Bought a scroll of enchant armour for 120 gold pieces
 53920 | Depths:3 | Bought a scroll of enchant armour for 120 gold pieces
 53942 | Depths:3 | Found a runed translucent gate.
 53942 | Depths:3 | Found a runed translucent gate.
 53942 | Depths:3 | Found a runed translucent gate.
 53945 | Depths:3 | Found an ancient bone altar of Kikubaaqudgha.
 53945 | Depths:3 | Noticed an ancient lich
 53945 | Depths:3 | Noticed Cein's ghost (veteran DgCj)
 53946 | Depths:3 | Noticed Ygearrag's ghost (veteran DrBe)
 54055 | Depths:3 | Found Yduh's Distillery.
 54066 | Depths:3 | Bought a potion of heal wounds for 100 gold pieces
 54066 | Depths:3 | Bought 2 potions of might for 160 gold pieces
 54219 | Depths:3 | Received a gift from Okawaru
 54409 | Depths:3 | Reached skill level 5 in Hexes
 54484 | Depths:3 | Killed Cein's ghost
 54551 | Depths:3 | Killed Ygearrag's ghost
 54577 | Depths:3 | Identified the staff of Lyupny {rElec rPois Str-5 Int+7
                  | Dex-5 Air}
 54588 | Depths:3 | Killed an ancient lich
 54616 | Depths:3 | Identified the ring of Kinging {rC+ Will- Int+6 Dex+3}
 54622 | Depths:3 | Identified the +2 cloak of Daisies {Fly Int+3}
 54630 | Depths:3 | Got Kikubaaqudgha's Directory of Malignant Deeds
 54668 | Depths:4 | Entered Level 4 of the Depths
 54738 | Depths:4 | Noticed Xtahua
 54748 | Depths:4 | Killed Xtahua
 54748 | Depths:4 | Received a gift from Okawaru
 54892 | Depths:4 | Found a gate to the Realm of Zot.
 55914 | Vaults:5 | Entered Level 5 of the Vaults
 55940 | Vaults:5 | Received a gift from Okawaru
 56148 | Vaults:5 | Identified the +7 scimitar "Qaepsal" {chaos, Int-3 Dex+3
                  | SInv}
 56308 | Vaults:5 | Received a gift from Okawaru
 56340 | Vaults:5 | Reached XP level 24. HP: 226/227 MP: 35/35
 56491 | Vaults:5 | Received a gift from Okawaru
 57131 | Vaults:5 | Identified the +5 great sword of Surouhabb {flame, rPois
                  | Stlth+}
 57131 | Vaults:5 | Identified the ring of Elitism {Fire Int+2 Dex+3}
 57131 | Vaults:5 | Identified the +6 great sword "Zeoteiv" {holy, rElec Str+6
                  | Int-4 Dex-5}
 57146 | Vaults:5 | Received a gift from Okawaru
 57147 | Vaults:5 | Reached skill level 10 in Air Magic
 57152 | Vaults:5 | Noticed a dread lich
 57158 | Vaults:5 | Killed a dread lich
 57192 | Vaults:5 | Got Riclat's Dissertation on the Icicle
 57246 | Vaults:5 | Got a silver rune of Zot
 57850 | Temple   | Fell from the grace of Okawaru
 57850 | Temple   | Became a worshipper of the Shining One
 58171 | Crypt:1  | Entered Level 1 of the Crypt
 58187 | Crypt:1  | Identified the orb of Beoleschu {*channel, Int+3 SInv
                  | Alchemy}
 58187 | Crypt:1  | Noticed Frederick
 58187 | Crypt:1  | Reached * piety under the Shining One
 58191 | Crypt:1  | Noticed Grunn
 58195 | Crypt:1  | Killed Frederick
 58196 | Crypt:1  | Reached ** piety under the Shining One
 58202 | Crypt:1  | Killed Grunn
 58314 | Crypt:1  | Reached *** piety under the Shining One
 58318 | Crypt:1  | Noticed Jory
 58322 | Crypt:1  | Killed Jory
 58483 | Crypt:1  | Identified the +9 falchion of the Powerful God {freeze,
                  | rElec rC+ rCorr}
 58714 | Crypt:1  | Reached **** piety under the Shining One
 58781 | Crypt:1  | Reached skill level 10 in Hexes
 59102 | Crypt:2  | Found a transporter.
 59205 | Crypt:2  | Reached ***** piety under the Shining One
 59275 | Crypt:2  | Reached ****** piety under the Shining One
 59331 | Crypt:2  | Noticed Hali's ghost (veteran FoFi)
 59336 | Crypt:2  | Identified the +4 cloak "Kyliyhirch" {Dex+2}
 59389 | Crypt:2  | Found a transporter.
 59684 | Crypt:2  | Reached XP level 25. HP: 245/245 MP: 35/35
 59883 | Crypt:3  | Entered Level 3 of the Crypt
 59884 | Crypt:3  | Identified a +8 executioner's axe of holy wrath (a +6 heavy
                  | executioner's axe blessed by the Shining One)
 59884 | Crypt:3  | Received a gift from the Shining One
 60313 | Crypt:3  | Found an ancient bone altar of Kikubaaqudgha.
 60391 | Crypt:3  | Found the +13 scythe of Curses {drain, curses, ^Drain}
 60407 | Crypt:3  | Noticed a dread lich
 60415 | Crypt:3  | Killed a dread lich
 60416 | Crypt:3  | Identified the +8 war axe "Liolan" {antimagic, *Noise rCorr
                  | Dex+3}
 60426 | Crypt:3  | Identified the amulet of the Endless Expanse {Reflect Str+2
                  | SH+5}
 60468 | Crypt:3  | Noticed Mennas
 60667 | Crypt:3  | Found a staircase to the Tomb.
 60797 | Crypt:3  | Identified the +5 chain mail of Tovill {rElec rC+}
 60892 | Crypt:3  | Identified the +10 short sword of the Gloaming {venom,
                  | rC+++ Dex+4 Stlth-}
 61115 | Crypt:3  | Found the +13 sword of the Doom Knight {doom -Cast ^Drain
                  | Will+}
 61124 | Crypt:3  | Identified the ring "Daxt" {*Slow rPois rN++ Int+6 Dex+6
                  | Stlth+}
 61124 | Crypt:3  | Identified the ring of Jekhlahim {Fire *Corrode rN++ Will+}
 61124 | Crypt:3  | Identified the ring of Qoczuf {Fly rPois rN++ AC+4 Str+2
                  | Slay-4}
 61345 | Crypt:2  | Lost intelligence.
 61347 | Crypt:2  | Gained mutation: Your magical capacity is low. (-10% MP) [a
                  | cacodemon]
 61354 | Crypt:2  | Identified the ring "Arojyt" {Fly Str+5 Stlth+}
 61364 | Crypt:2  | Killed Hali's ghost
 61928 | Temple   | Fell from the grace of the Shining One
 61928 | Temple   | Became a worshipper of Zin the Law-Giver
 61928 | Temple   | Reached * piety under Zin
 61928 | Temple   | Reached ** piety under Zin
 61928 | Temple   | Reached *** piety under Zin
 61928 | Temple   | Reached **** piety under Zin
 61928 | Temple   | Reached ***** piety under Zin
 62115 | Slime:1  | Entered Level 1 of the Pits of Slime
 62311 | Slime:2  | You fall into a shaft and drop 2 floors!
 63300 | Slime:5  | Entered Level 5 of the Pits of Slime
 63352 | Slime:5  | Found a viscous altar of Jiyva.
 63352 | Slime:5  | Noticed the Royal Jelly
 63608 | Slime:5  | Killed the Royal Jelly
 63708 | Slime:5  | Identified the staff of Kalen {rF- rN++ Str+3 Conj}
 63721 | Slime:5  | Reached ****** piety under Zin
 63897 | Slime:5  | Identified the +5 broad axe of the Vaults {freeze, Str+2
                  | Dex+5}
 63898 | Slime:5  | Identified the +8 ring mail of the Slightly Bent {rElec rN+
                  | rCorr Stlth+}
 64060 | Slime:5  | Identified the +9 morningstar of the Dungeon {spect,
                  | ^Fragile rN+ Str+4}
 64082 | Slime:5  | Identified the staff of Filigreed Absolution {rPois Conj
                  | Tloc Air Earth}
 64088 | Slime:5  | Got a slimy rune of Zot
 65253 | Zot:1    | Entered Level 1 of the Realm of Zot
 65348 | Zot:1    | Identified the maw talisman of the Valley {*Corrode rElec
                  | rF+ rN+}
 65979 | Zot:1    | You fall into a shaft and drop 1 floor!
 65988 | Zot:1    | Reached XP level 26. HP: 135/254 MP: 32/32
 66750 | Zot:2    | Was forgiven by Okawaru
 67294 | Zot:3    | Noticed an orb of fire
 67372 | Zot:2    | Killed an orb of fire
 67478 | Zot:3    | Found the +4 dragonskin cloak {Aegis}
 67478 | Zot:3    | Noticed Tiamat
 67520 | Zot:3    | Killed Tiamat
 67851 | Zot:3    | Noticed an orb of fire
 67862 | Zot:3    | Killed an orb of fire
 68107 | Zot:3    | Found a transporter.
 68113 | Zot:3    | Found a transporter.
 68114 | Zot:3    | Found a transporter.
 68321 | Zot:3    | Found a transporter.
 69280 | Zot:4    | Noticed an orb of fire
 69292 | Zot:4    | Killed an orb of fire
 69686 | Zot:5    | Entered Level 5 of the Realm of Zot
 70307 | Zot:5    | Noticed an ancient lich
 70318 | Zot:5    | Killed an ancient lich
 70325 | Zot:5    | Noticed a dread lich
 70329 | Zot:5    | Killed a dread lich
 70402 | Zot:5    | Acquired the +0 hat of Ignis's Hope {Rampage Will++ Str+2
                  | Dex-3}
 70449 | Zot:5    | Reached skill level 15 in Air Magic
 70449 | Zot:5    | Reached XP level 27. HP: 245/261 MP: 33/33
 70484 | Zot:5    | Noticed an orb of fire
 70500 | Zot:5    | Killed an orb of fire
 70510 | Zot:5    | Noticed an ancient lich
 70521 | Zot:5    | Killed an ancient lich
 70646 | Zot:5    | Noticed an ancient lich
 70655 | Zot:5    | Noticed an orb of fire
 70779 | Zot:5    | Killed an orb of fire
 70784 | Zot:5    | Killed an ancient lich
 70784 | Zot:5    | Noticed a dread lich
 70793 | Zot:5    | Killed a dread lich
 70799 | Zot:5    | Noticed a dread lich
 70803 | Zot:5    | Killed a dread lich
 70811 | Zot:5    | Noticed an ancient lich
 70815 | Zot:5    | Killed an ancient lich
 71018 | Zot:5    | Reached skill level 1 in Translocations
 71026 | Zot:5    | Reached skill level 1 in Spellcasting
 71044 | Zot:5    | Noticed an ancient lich
 71054 | Zot:5    | Noticed an ancient lich
 71216 | Zot:5    | Killed an ancient lich
 71221 | Zot:5    | Killed an ancient lich
 71813 | Depths:1 | Voluntarily entered the Abyss.
 71913 | Abyss:1  | Found a hide-covered altar of Uskayaw.
 72444 | Abyss:1  | Noticed an ancient lich
 72452 | Abyss:1  | Killed an ancient lich
 72834 | Abyss:1  | Noticed an ancient lich
 72837 | Abyss:1  | Killed an ancient lich
 72838 | Abyss:1  | Reached skill level 15 in Hexes
 73149 | Abyss:3  | Got an abyssal rune of Zot
 73340 | Abyss:3  | Reached skill level 5 in Translocations
 73347 | Depths:1 | Escaped the Abyss
 73659 | Temple   | Fell from the grace of Zin
 73659 | Temple   | Became a worshipper of the Shining One
 74005 | Hell     | Entered the Vestibule of Hell
 74005 | Hell     | Noticed Geryon
 74010 | Hell     | Gained mutation: You are frail. (-10% HP) [a cacodemon]
 74040 | Hell     | Killed Geryon
 74123 | Hell     | Found a gateway to the ashen valley of Gehenna.
 74125 | Hell     | Reached skill level 5 in Spellcasting
 74331 | Hell     | Found a gateway to the decaying netherworld of Tartarus.
 74396 | Hell     | Found a gateway to the freezing wastes of Cocytus.
 74536 | Hell     | Found a gateway to the Iron City of Dis.
 75049 | Tomb:1   | Entered Level 1 of the Tomb of the Ancients
 75563 | Tomb:1   | Noticed a royal mummy
 75563 | Tomb:1   | Noticed a royal mummy
 75564 | Tomb:1   | Noticed a royal mummy
 75568 | Tomb:1   | Noticed a royal mummy
 75571 | Tomb:1   | Noticed a royal mummy
 75573 | Tomb:1   | Killed a royal mummy
 75573 | Tomb:1   | Noticed a royal mummy
 75574 | Tomb:1   | Noticed a royal mummy
 75578 | Tomb:1   | Killed a royal mummy
 75578 | Tomb:1   | Noticed a royal mummy
 75579 | Tomb:1   | Killed a royal mummy
 75581 | Tomb:1   | Noticed a royal mummy
 75585 | Tomb:1   | Killed a royal mummy
 75585 | Tomb:1   | Noticed a royal mummy
 75586 | Tomb:1   | Killed a royal mummy
 75587 | Tomb:1   | Noticed a royal mummy
 75909 | Tomb:1   | Lost mutation: You are frail. (-10% HP) [potion of
                  | mutation]
 75909 | Tomb:1   | Lost mutation: Your magical capacity is low. (-10% MP)
                  | [potion of mutation]
 75909 | Tomb:1   | Gained mutation: Your flesh is cold resistant. (rC+)
                  | [potion of mutation]
 75909 | Tomb:1   | Gained mutation: You have supernaturally acute eyesight.
                  | (SInv) [potion of mutation]
 75909 | Tomb:1   | Gained mutation: Your spells are a little harder to cast,
                  | but a little more powerful. [potion of mutation]
 76329 | Tar:1    | Entered Level 1 of Tartarus
 76375 | Tar:1    | Noticed a dread lich
 76375 | Tar:1    | Noticed a dread lich
 76375 | Tar:1    | Noticed an ancient lich
 76375 | Tar:1    | Noticed a dread lich
 76381 | Tar:1    | Noticed a dread lich
 76382 | Tar:1    | Killed a dread lich
 76387 | Tar:1    | Killed a dread lich
 76390 | Tar:1    | Noticed an ancient lich
 76390 | Tar:1    | Noticed a dread lich
 76391 | Tar:1    | Noticed an ancient lich
 76392 | Tar:1    | Killed a dread lich
 76394 | Tar:1    | Killed an ancient lich
 76399 | Tar:1    | Killed a dread lich
 76400 | Tar:1    | Killed a dread lich
 76401 | Tar:1    | Noticed an ancient lich
 76405 | Tar:1    | Killed an ancient lich
 76409 | Tar:1    | Killed an ancient lich
 76412 | Tar:1    | Killed an ancient lich
 78459 | Tar:7    | Entered Level 7 of Tartarus
 80714 | Tar:7    | Reached skill level 10 in Translocations
 81981 | Tar:7    | Noticed Ereshkigal
 82254 | Tar:7    | Found the +9 sword of Power {lifebolt}
 82367 | Tar:7    | Killed Ereshkigal
 82413 | Tar:7    | Identified the +10 plate armour of Waovas {Dex+5}
 82414 | Tar:7    | Identified the +1 leather armour of the Known World {rC+
                  | Str+4}
 82416 | Tar:7    | Got Sif Muna's Exposition on Airy Momentum
 82417 | Tar:7    | Identified the +8 rapier "Upeuriw" {antimagic, ^Drain
                  | Dex+4}
 82419 | Tar:7    | Got a bone rune of Zot
 82423 | Tar:7    | Identified the +9 mace of Chagrin {venom, rC+ Str-2 Int+3
                  | Stlth+}
 82634 | Coc:1    | Entered Level 1 of Cocytus
 82684 | Coc:1    | Reached skill level 10 in Spellcasting
 82698 | Coc:1    | Paralysed by a wendigo for 1 turns
 82911 | Coc:2    | Paralysed by a wendigo for 1 turns
 82964 | Coc:2    | Upgraded the game from 0.32-a0-933-ga8fa3634e4 to
                  | 0.32-a0-938-g40ac7a0f4d
 83326 | Coc:3    | Lost intelligence.
 83335 | Coc:3    | Paralysed by a wendigo for 1 turns
 83340 | Coc:3    | Paralysed by a wendigo for 1 turns
 83468 | Coc:3    | Paralysed by a wendigo for 1 turns
 84352 | Pan      | Entered Pandemonium
 84691 | Pan      | Noticed Kunk the pandemonium lord
 84696 | Pan      | Killed Kunk the pandemonium lord
 85346 | Pan      | Noticed Bozaacsu the pandemonium lord
 85351 | Pan      | Killed Bozaacsu the pandemonium lord
 85821 | Pan      | Identified the +7 sling of Gasorost {drain, Dex+2 Stlth+}
 85826 | Pan      | Noticed Beutuga the pandemonium lord
 85833 | Pan      | Killed Beutuga the pandemonium lord
 86463 | Pan      | Entered the realm of Cerebov.
 86558 | Pan      | Identified the +0 pair of gloves of Ukaaweh {rN+}
 86563 | Pan      | Identified the staff "Faiv Jei" {Int+3 Conj}
 87018 | Pan      | Identified the +3 flail of Action {venom, rC+}
 87019 | Pan      | Identified the ring of Loatemau {rPois rC- AC+4 Int+3}
 87028 | Pan      | Identified the +3 flail "Useut" {freeze, ^Fragile Str+6}
 87479 | Pan      | Identified the ring of Ysuily {Ice rPois rN+}
 87484 | Pan      | Identified the +6 rapier "Jafocoov" {venom, Dex+6}
 87558 | Pan      | Identified the +0 cloak of the Other Side {Str+3}
 87593 | Pan      | Identified the ring "Mehyall" {Ice Str+4 Int-3}
 87611 | Pan      | Found the +6 sword of Cerebov {flame}
 87611 | Pan      | Noticed Cerebov
 87625 | Pan      | Killed Cerebov
 87692 | Pan      | Got a fiery rune of Zot
 87769 | Pan      | Found a transporter.
 88055 | Pan      | Learned a level 3 spell: Maxwell's Portable Piledriver
 88060 | Pan      | Learned a level 4 spell: Passage of Golubria
 88066 | Pan      | Found a transporter.
 88221 | Pan      | Acquired the amulet "Earthly Heaven" {Reflect Int+3 SH+5}
 88394 | Pan      | Gained mutation: You are weak. (Str -2) [a neqoxec]
 88754 | Pan      | Noticed Otonuaje the pandemonium lord
 89067 | Pan      | Killed Otonuaje the pandemonium lord
 89128 | Pan      | Got a demonic rune of Zot
 89151 | Pan      | Entered the realm of Lom Lobon.
 89160 | Pan      | Found an ancient bone altar of Kikubaaqudgha.
 90036 | Pan      | Noticed Lom Lobon
 90066 | Pan      | Killed Lom Lobon
 90075 | Pan      | Got a magical rune of Zot
 90346 | Pan      | Entered the realm of Gloorx Vloq.
 90413 | Pan      | Found an exit through the horrors of the Abyss.
 90735 | Pan      | Noticed Gloorx Vloq
 91052 | Pan      | Killed Gloorx Vloq
 91085 | Pan      | Got a dark rune of Zot
 91653 | Pan      | Found a runed translucent door.
 91665 | Pan      | Found a runed translucent door.
 91688 | Pan      | Found a runed translucent door.
 91691 | Pan      | Found a runed translucent door.
 91802 | Pan      | Found an exit through the horrors of the Abyss.
 92234 | Pan      | Noticed Kaqal the pandemonium lord
 92238 | Pan      | Killed Kaqal the pandemonium lord
 92292 | Pan      | Entered the realm of Mnoleg.
 92915 | Pan      | Gained mutation: Your flesh is heat resistant. (rF+) [a
                  | cacodemon]
 92922 | Pan      | Gained mutation: You are frail. (-10% HP) [a neqoxec]
 92924 | Pan      | Gained mutation: Potions are less effective at restoring
                  | your health. [a shining eye]
 92926 | Pan      | Gained mutation: You have hidden genetic defects. [a
                  | shining eye]
 92927 | Pan      | Gained mutation: You are occasionally teleported next to
                  | monsters. [a shining eye]
 92930 | Pan      | Lost mutation: You are frail. (-10% HP) [a shining eye]
 92931 | Pan      | Gained mutation: Your body sometimes deteriorates upon
                  | taking damage. [a shining eye]
 93147 | Pan      | Reached skill level 27 in Axes
 93213 | Pan      | Gained mutation: You do not regenerate when monsters are
                  | visible. [a cacodemon]
 93216 | Pan      | Gained mutation: Your magical capacity is low. (-10% MP) [a
                  | cacodemon]
 93220 | Pan      | Gained mutation: Armour fits poorly on your strangely
                  | shaped body. [a neqoxec]
 93264 | Pan      | Noticed Mnoleg
 93298 | Pan      | Killed Mnoleg
 93433 | Pan      | Gained mutation: You are dopey. (Int -2) [a cacodemon]
 93489 | Pan      | Got a glowing rune of Zot
 94054 | Pan      | Lost mutation: Your body sometimes deteriorates upon taking
                  | damage. [potion of mutation]
 94054 | Pan      | Lost mutation: You have hidden genetic defects. [potion of
                  | mutation]
 94054 | Pan      | Lost mutation: You are occasionally teleported next to
                  | monsters. [potion of mutation]
 94054 | Pan      | Gained mutation: Your spells are harder to cast, but more
                  | powerful. [potion of mutation]
 94055 | Pan      | Lost mutation: You do not regenerate when monsters are
                  | visible. [potion of mutation]
 94055 | Pan      | Lost mutation: You are dopey. (Int -2) [potion of mutation]
 94055 | Pan      | Gained mutation: You are somewhat resistant to further
                  | mutation. [potion of mutation]
 94056 | Pan      | Lost mutation: Potions are less effective at restoring your
                  | health. [potion of mutation]
 94056 | Pan      | Lost mutation: You have supernaturally acute eyesight.
                  | (SInv) [potion of mutation]
 94280 | Pan      | Found a runed translucent door.
 94284 | Pan      | Found a runed translucent door.
 94463 | Pan      | Found an exit through the horrors of the Abyss.
 94463 | Pan      | Found a runed translucent door.
 94479 | Pan      | Found a runed translucent door.
 94570 | Pan      | Noticed Alatymit the pandemonium lord
 94595 | Pan      | Killed Alatymit the pandemonium lord
 94738 | Pan      | Took an exit into the Abyss.
 94738 | Abyss:3  | Escaped into the Abyss
 94765 | Abyss:3  | Found a candlelit altar of Ignis.
 94816 | Abyss:3  | Found a blossoming altar of Fedhas.
 94867 | Depths:2 | Escaped the Abyss
 94913 | Depths:2 | Upgraded the game from 0.32-a0-938-g40ac7a0f4d to
                  | 0.32-a0-953-g508020473e
 95447 | Tomb:1   | Killed a royal mummy
 95627 | Tomb:1   | Killed a royal mummy
 95931 | Tomb:1   | Killed a royal mummy
 96208 | Tomb:1   | Noticed a royal mummy
 96208 | Tomb:1   | Noticed a royal mummy
 96208 | Tomb:1   | Noticed a royal mummy
 96208 | Tomb:1   | Noticed a royal mummy
 96212 | Tomb:1   | Killed a royal mummy
 96215 | Tomb:1   | Noticed a royal mummy
 96216 | Tomb:1   | Killed a royal mummy
 96218 | Tomb:1   | Noticed a royal mummy
 96218 | Tomb:1   | Killed a royal mummy
 96221 | Tomb:1   | Killed a royal mummy
 96222 | Tomb:1   | Noticed a royal mummy
 96224 | Tomb:1   | Killed a royal mummy
 96224 | Tomb:1   | Noticed a royal mummy
 96226 | Tomb:1   | Killed a royal mummy
 96226 | Tomb:1   | Killed a royal mummy
 96235 | Tomb:1   | Killed a royal mummy
 96409 | Tomb:1   | Noticed a royal mummy
 96412 | Tomb:1   | Killed a royal mummy
 96412 | Tomb:1   | Lost intelligence.
 96423 | Tomb:1   | Killed a royal mummy
 96423 | Tomb:1   | Noticed a royal mummy
 96428 | Tomb:1   | Killed a royal mummy
 96611 | Tomb:1   | Noticed a royal mummy
 96624 | Tomb:1   | Killed a royal mummy
 96626 | Tomb:1   | Noticed a royal mummy
 96630 | Tomb:1   | Killed a royal mummy
 96861 | Tomb:1   | Noticed a royal mummy
 96891 | Tomb:1   | Killed a royal mummy
 97075 | Tomb:1   | Killed a royal mummy
 97161 | Tomb:1   | Killed a royal mummy
 97163 | Tomb:1   | Noticed a royal mummy
 97186 | Tomb:1   | Killed a royal mummy
 97187 | Tomb:1   | Reached skill level 27 in Fighting
 97420 | Tomb:2   | Noticed a royal mummy
 97426 | Tomb:2   | Killed a royal mummy
 97433 | Tomb:2   | Noticed a royal mummy
 97439 | Tomb:2   | Killed a royal mummy
 97440 | Tomb:2   | Noticed a royal mummy
 97440 | Tomb:2   | Noticed a royal mummy
 97440 | Tomb:2   | Noticed a royal mummy
 97443 | Tomb:2   | Killed a royal mummy
 97679 | Tomb:2   | Killed a royal mummy
 97806 | Tomb:2   | Killed a royal mummy
 98882 | Tomb:3   | Entered Level 3 of the Tomb of the Ancients
 98914 | Tomb:3   | Noticed a royal mummy
 98918 | Tomb:3   | Noticed a royal mummy
 98922 | Tomb:3   | Killed a royal mummy
 98923 | Tomb:3   | Noticed a royal mummy
 98930 | Tomb:3   | Killed a royal mummy
 98931 | Tomb:3   | Reached skill level 15 in Translocations
 98941 | Tomb:3   | Noticed a royal mummy
 98945 | Tomb:3   | Noticed a royal mummy
 98952 | Tomb:3   | Killed a royal mummy
 98955 | Tomb:3   | Noticed a royal mummy
 98960 | Tomb:3   | Killed a royal mummy
 98990 | Tomb:3   | Killed a royal mummy
 98990 | Tomb:3   | Killed a royal mummy
 99000 | Tomb:3   | Gained mutation: You occasionally lose the ability to read
                  | scrolls when taking damage. [mutagenic glow]
 99013 | Tomb:3   | Noticed a royal mummy
 99016 | Tomb:3   | Noticed a royal mummy
 99016 | Tomb:3   | Gained mutation: You are agile. (Dex +4, Str/Int -1)
                  | [mutagenic glow]
 99018 | Tomb:3   | Killed a royal mummy
 99020 | Tomb:3   | Noticed a royal mummy
 99024 | Tomb:3   | Gained mutation: Your health recovers twice as slowly from
                  | being drained. [mutagenic glow]
 99030 | Tomb:3   | Killed a royal mummy
 99034 | Tomb:3   | Killed a royal mummy
 99201 | Tomb:3   | Identified the +1 spear "Uquteqarysk" {spect, rPois rF+}
 99207 | Tomb:3   | Identified the ring "Laiwuilo" {rN+ EV+5 Dex+9}
 99210 | Tomb:3   | Identified the +7 orcbow of the Lesser Evil {flame, ^Contam
                  | rElec Dex+6}
 99211 | Tomb:3   | Identified the +0 halberd of Urrov {freeze, ^Contam rPois
                  | Str+5 Stlth+}
 99246 | Tomb:3   | Identified the +4 spear "Orb Guardian's Doom" {freeze, rC+
                  | Dex+3}
 99247 | Tomb:3   | Identified the amulet "Weat" {Acrobat *Corrode Str+4 Int+2
                  | SInv}
 99523 | Tomb:3   | Got a golden rune of Zot
100238 | Geh:1    | Entered Level 1 of Gehenna
101088 | Geh:3    | Reached skill level 27 in Invocations
101209 | Geh:4    | Noticed a dread lich
101217 | Geh:4    | Killed a dread lich
102000 | Geh:7    | Entered Level 7 of Gehenna
102378 | Geh:7    | Lost mutation: Your health recovers twice as slowly from
                  | being drained. [potion of mutation]
102378 | Geh:7    | Lost mutation: Your flesh is cold resistant. (rC+) [potion
                  | of mutation]
102379 | Geh:7    | Lost mutation: You are weak. (Str -2) [potion of mutation]
102379 | Geh:7    | Lost mutation: Your magical capacity is low. (-10% MP)
                  | [potion of mutation]
102379 | Geh:7    | Lost mutation: Armour fits poorly on your strangely shaped
                  | body. [potion of mutation]
102379 | Geh:7    | Gained mutation: You have an increased reservoir of magic.
                  | (+10% MP) [potion of mutation]
102872 | Geh:7    | Identified the +4 plate armour "Nefomucs" {rCorr Str+3
                  | Int-4 Slay+2}
103040 | Geh:7    | Found the +16 obsidian axe {drain, demonic, Mesm ^Drain Fly
                  | SInv}
103071 | Geh:7    | Identified the ring "Riecaurr" {Wiz rC+ Will+ Int+7}
103265 | Geh:7    | Found the +13 sceptre of Asmodeus
103265 | Geh:7    | Noticed Asmodeus
103604 | Geh:7    | Identified the +0 ring mail of Obud {rPois rCorr}
104184 | Geh:7    | Killed Asmodeus
104483 | Geh:7    | Got an obsidian rune of Zot
104741 | Coc:3    | Gained mutation: You sometimes lose the ability to read
                  | scrolls when taking damage. [mutagenic glow]
104749 | Coc:3    | Gained mutation: Armour fits poorly on your strangely
                  | shaped body. [mutagenic glow]
104762 | Coc:3    | Lost mutation: Armour fits poorly on your strangely shaped
                  | body. [mutagenic glow]
105919 | Coc:5    | You fall into a shaft and drop 1 floor!
106106 | Coc:7    | Entered Level 7 of Cocytus
106361 | Coc:7    | Paralysed by a wendigo for 1 turns
106380 | Coc:7    | Paralysed by a wendigo for 1 turns
107034 | Coc:7    | Noticed Antaeus
107055 | Coc:7    | Killed Antaeus
107090 | Coc:7    | Got an icy rune of Zot
107097 | Coc:7    | Identified the ring of the Gloaming {rElec rF+ rCorr Dex+2}
107100 | Coc:7    | Identified the +7 mace of War {pain, rCorr Int+5}
107483 | Dis:1    | Entered Level 1 of the Iron City of Dis
108731 | Crypt:2  | Voluntarily entered the Abyss.
108739 | Abyss:3  | Found a corrupted altar of Lugonu.
109298 | Abyss:3  | Found a corrupted altar of Lugonu.
109298 | Abyss:3  | Gained mutation: Armour fits poorly on your strangely
                  | shaped body. [a neqoxec]
109325 | Crypt:2  | Escaped the Abyss
110046 | D:12     | Bought a potion of haste for 150 gold pieces
110206 | Elf:2    | Bought the +27 heavy crossbow "Sniper" {heavy, Acc+∞ SInv}
                  | for 3200 gold pieces
110206 | Elf:2    | Found the +27 heavy crossbow "Sniper" {heavy, Acc+∞ SInv}
110732 | Dis:5    | Noticed an ancient lich
110737 | Dis:5    | Killed an ancient lich
110756 | Dis:5    | You fall into a shaft and drop 1 floor!
111044 | Dis:7    | Entered Level 7 of the Iron City of Dis
111306 | Dis:7    | Noticed a juggernaut
111320 | Dis:7    | Killed a juggernaut
111383 | Dis:7    | Lost mutation: Your flesh is heat resistant. (rF+) [potion
                  | of mutation]
111383 | Dis:7    | Lost mutation: You sometimes lose the ability to read
                  | scrolls when taking damage. [potion of mutation]
111383 | Dis:7    | Lost mutation: Your spells are harder to cast, but more
                  | powerful. [potion of mutation]
111383 | Dis:7    | Gained mutation: Your flesh is heat resistant. (rF+)
                  | [potion of mutation]
111384 | Dis:7    | Lost mutation: Your flesh is heat resistant. (rF+) [potion
                  | of mutation]
111384 | Dis:7    | Lost mutation: You are agile. (Dex +4, Str/Int -1) [potion
                  | of mutation]
111385 | Dis:7    | Lost mutation: Your spells are a little harder to cast, but
                  | a little more powerful. [potion of mutation]
111385 | Dis:7    | Lost mutation: You occasionally lose the ability to read
                  | scrolls when taking damage. [potion of mutation]
111385 | Dis:7    | Gained mutation: Your spells are a little easier to cast,
                  | but a little less powerful. [potion of mutation]
111386 | Dis:7    | Lost mutation: You are somewhat resistant to further
                  | mutation. [potion of mutation]
111386 | Dis:7    | Lost mutation: Your spells are a little easier to cast, but
                  | a little less powerful. [potion of mutation]
111386 | Dis:7    | Gained mutation: You have sharp fingernails. [potion of
                  | mutation]
111386 | Dis:7    | Gained mutation: You have very sharp fingernails. [potion
                  | of mutation]
111387 | Dis:7    | Lost mutation: Armour fits poorly on your strangely shaped
                  | body. [potion of mutation]
111387 | Dis:7    | Lost mutation: You have very sharp fingernails. [potion of
                  | mutation]
111387 | Dis:7    | Lost mutation: You have an increased reservoir of magic.
                  | (+10% MP) [potion of mutation]
111387 | Dis:7    | Gained mutation: You are resistant to electric shocks.
                  | (rElec) [potion of mutation]
111387 | Dis:7    | Gained mutation: You are covered in fur. (AC +1) [potion of
                  | mutation]
112616 | Dis:7    | Identified the +1 scimitar of Untruth {freeze, rCorr Str+3}
112691 | Dis:7    | Noticed the Serpent of Hell
112704 | Dis:7    | Noticed a juggernaut
112709 | Dis:7    | Killed the Serpent of Hell
112716 | Dis:7    | Killed a juggernaut
113048 | Dis:7    | Identified the ring "Doemaj Gubo" {rN+ Str+6 Slay+3}
113050 | Dis:7    | Identified the +1 plate armour "Efusm" {rCorr Str+3}
113153 | Dis:7    | Noticed a juggernaut
113167 | Dis:7    | Identified the +0 tower shield "Tiponkuf" {Harm +Blink +Inv
                  | Int+4}
113171 | Dis:7    | Noticed Dispater
113175 | Dis:7    | Killed a juggernaut
113657 | Dis:7    | Killed Dispater
113682 | Dis:7    | Got an iron rune of Zot
113685 | Dis:7    | Identified the +0 helmet of the Moon {Will+}
114034 | Zot:5    | Got the Orb of Zot
114046 | Zot:5    | Noticed Xydylymu the pandemonium lord
114050 | Zot:5    | Killed Xydylymu the pandemonium lord
114067 | Zot:5    | Noticed Moloil the pandemonium lord
114092 | Zot:5    | Killed Moloil the pandemonium lord
114219 | Zot:1    | Noticed Uciog the pandemonium lord
114222 | Zot:1    | Killed Uciog the pandemonium lord
114334 | D:14     | Noticed Fefra the pandemonium lord
114339 | D:14     | Killed Fefra the pandemonium lord
114576 | D:4      | Noticed Ewupiori the pandemonium lord
114588 | D:4      | Killed Ewupiori the pandemonium lord
114589 | D:4      | Noticed Odurocha the pandemonium lord
114594 | D:4      | Killed Odurocha the pandemonium lord
114611 | D:2      | Noticed Atigokov the pandemonium lord
114629 | D:2      | Killed Atigokov the pandemonium lord
114694 | D:$      | Escaped with the Orb!

Illustrated notes

Levels and vault maps discovered:
D:1:      ncdulo_lavacross, layout_basic
D:2:      layout_loops_ring, serial_forest, infiniplex_forest_lined_room_2,
          infiniplex_forest_clump_diagonal, infiniplex_forest_straight_3,
          infiniplex_forest_clump_small, infiniplex_forest_end_double,
          infiniplex_forest_end_2, nicolae_titane, uniq_sigmund, uniq_terence,
          uniq_jessica
D:3:      layout_loops_ring, mainiacjoe_overflow_paths,
          gammafunk_ghost_gnarly_gnolls, nicolae_figureground_pulse
D:4:      layout_basic, uniq_crazy_yiuf_cottage
D:5:      layout_basic, nicolae_sif_muna_little_library
D:6:      layout_loops_ring, ebering_ghost_disaster_area
D:7:      layout_gridville, fedhas_ov_isle_minmay,
          grunt_dithmenos_smoke_and_mirrors, temple_hall,
          gammafunk_ghost_necromancy, uniq_duvessa
D:8:      layout_cave_pools, special_room [special_room_orc], uniq_maurice,
          uniq_psyche, uniq_pikel, uniq_jeremiah, uniq_erica
D:9:      layout_rooms, general_overflow_altar, kennysheep_little_box,
          erik_lair_island, lightli_orcish_oven
D:10:     layout_rooms
D:11:     layout_irregular_city, david_orc_3
D:12:     layout_loops_ring, serial_shops, nicolae_shop_tiny_waterfront,
          xom_teletrap_fun
D:13:     gammafunk_sealed_arena, layout_layer_cave,
          hangedman_vaults_entry_quadrant_bands
D:14:     layout_long_grid, serial_bayou_pond_e, patterned_corridor, uniq_snorg,
          uniq_josephine, uniq_louise, uniq_rupert
D:15:     grunt_enter_depths_magical_seal, layout_stronghold,
          nicolae_diode_quadrants, uniq_kirke, uniq_roxanne
Temple:   compressed_dpeg_triangle_lava_temple
Lair:1:   layout_roguey, dreamdust_deal_with_the_devil, st_stairs_12,
          gammafunk_lair_bear_cave, uniq_nergalle
Lair:2:   layout_cave_pods, minmay_shoals_entry_centaurs, serial_bayou_pond_a
Lair:3:   layout_small_grid, nicolae_spider_entry_non_spiders, basic_altar,
          kennysheep_abandoned_house
Lair:4:   dreamdust_labyrinth, layout_cave_pods, slime_entry_1,
          gauntlet_entry_generic, roderic_batcave, grunt_megastairs_5,
          lemuel_fruit_tree
Lair:5:   hellmonk_lair_end_abyssal_woods, layout_concentric_octagons,
          portal_ice_cave_entry_pillars_2
Shoals:1: layout_shoals
Shoals:2: layout_shoals, nicolae_shoals_beach_house_on_fowls_legs
Shoals:3: layout_shoals
Shoals:4: shoals_end_grunt_garden, layout_shoals,
          nicolae_shoals_lost_giant_temple, nicolae_shoals_aquamancer_cove,
          uniq_mlioglotl
Spider:1: layout_spider_delve
Spider:2: layout_chambers, nicolae_spider_bzzzt
Spider:3: nicolae_spider_hilbert_zone_1 [nicolae_spider_hilbert_4_sides_1_open,
          nicolae_spider_hilbert_4_sides_1_open,
          nicolae_spider_hilbert_4_sides_1_open,
          nicolae_spider_hilbert_4_sides_1_open,
          nicolae_spider_hilbert_3_sides_1_open,
          nicolae_spider_hilbert_3_sides_1_open,
          nicolae_spider_hilbert_3_sides_1_open,
          nicolae_spider_hilbert_3_sides_1_open,
          nicolae_spider_hilbert_3_sides_1_open,
          nicolae_spider_hilbert_6_sides_1_open,
          nicolae_spider_hilbert_6_sides_1_open,
          nicolae_spider_hilbert_3_sides_1_open,
          nicolae_spider_hilbert_3_sides_1_open,
          nicolae_spider_hilbert_3_sides_1_open,
          nicolae_spider_hilbert_3_sides_1_open,
          nicolae_spider_hilbert_2_sides_1_open]
Spider:4: grunt_spider_rune_parallel, uniq_mara
Slime:1:  layout_caves
Slime:2:  layout_caves
Slime:3:  nicolae_slime_pool, layout_caves
Slime:4:  layout_caves
Slime:5:  slime_pit_nicolae_trefoil
Orc:1:    layout_caves, uniq_urug, uniq_harold
Orc:2:    grunt_orc_cross, layout_diamond_mine, nicolae_orc_beogh_chapel,
          lightli_church_of_beogh
Elf:1:    layout_loops_corners, basic_altar, nicolae_elf_theology_debate,
          hangedman_glass_teeth, drop_trap
Elf:2:    nicolae_elf_blades_crystal_corner, layout_gridlike, serial_shops,
          nicolae_shop_tiny_statue_garden, nicolae_shop_rolling_square, shop,
          shop, shop
Elf:3:    grunt_elf_hall_branching, layout_rooms
Vaults:1: nicolae_vaults_back_hallway, ontoclasm_vaults_idyll, vaults_room_pool,
          ontoclasm_vaults_loading_screen, v_alt_pattern_1,
          nicolae_vaults_sightless_eye, layout_vaults_omnigrid, serial_shops,
          nicolae_shop_overgrown_old_shop, uniq_zenata
Vaults:2: vaults_room_fancy_cross, vaults_room_grid,
          nicolae_vaults_little_squares_6, grunt_vaults_swirl,
          nicolae_vaults_asterisk, nicolae_vaults_taking_the_gang_shopping,
          v_pattern_2, vaults_mumra_lcd, nicolae_vaults_closet_pinwheel_5,
          v_misc_16, layout_vaults_ring, nicolae_trove_entry_crystal
Vaults:3: nicolae_vaults_meiosis, nicolae_vaults_stairing_the_circle,
          ontoclasm_vaults_hangar, v_alt_pattern_2,
          nicolae_vaults_layer_cake_slice, nicolae_vaults_tetromino_T_1,
          minmay_crypt_entry_necro_gods, nicolae_vaults_network_periphery,
          nicolae_vaults_tetromino_L_1, nicolae_vaults_six-pack,
          nicolae_vaults_more_shelving_1, layout_vaults_omnibox, serial_shops,
          nicolae_shop_peninsula
Vaults:4: ebering_ghost_xom, nicolae_vaults_spaceships,
          nicolae_vaults_diamond_1, vaults_room_hallway,
          hangedman_vaults_unwind, nicolae_vaults_storage_closets_1,
          nicolae_vaults_closet_pinwheel_2, v_rooms_4, v_misc_30,
          layout_vaults_omnicross, serial_shops, shop,
          nicolae_shop_rolling_square, shop
Vaults:5
Crypt:1:  layout_basic, serial_glass, glass_columns_a, glass_columns_b,
          glass_columns_a, glass_columns_a, glass_columns_c, glass_columns_a,
          glass_columns_a, glass_columns_b, glass_columns_b, glass_columns_a,
          glass_columns_a, glass_columns_b, glass_columns_b, glass_columns_b,
          uniq_jory, uniq_frederick, uniq_grunn
Crypt:2:  dreamdust_cat_pyramid, layout_misc_corridors,
          gammafunk_ghost_abyssal_escape
Crypt:3:  evilmike_haunted_forest, uniq_josephina, uniq_mennas
Tomb:1
Tomb:2
Tomb:3
Depths:1: layout_gridlike, enter_ziggurat_a, abyss_entry, hell_entry,
          minmay_misc_feat_pillars, minmay_misc_feat_plants,
          grunt_decor_junction, minmay_checkered_concentric_circles,
          minmay_shop_star
Depths:2: minmay_the_grid_ultimate [minmay_the_grid_prize_trominoes,
          minmay_the_grid_prize_inner_circle,
          minmay_the_grid_prize_four_corners_diamond_b,
          minmay_the_grid_prize_trominoes,
          minmay_the_grid_square_5x5_broken_cross,
          minmay_the_grid_square_5x5_pentomino_r,
          minmay_the_grid_square_5x5_n_small,
          minmay_the_grid_square_5x5_two_walls_a, minmay_the_grid_square_5x5_z,
          minmay_the_grid_square_5x5_c, minmay_the_grid_square_5x5_lines,
          minmay_the_grid_square_5x5_three,
          minmay_the_grid_square_5x5_two_walls_b,
          minmay_the_grid_square_5x5_spiral_small,
          minmay_the_grid_square_5x5_fancy_junction,
          minmay_the_grid_square_5x5_mess,
          minmay_the_grid_square_5x5_three_walls,
          minmay_the_grid_square_5x5_empty, minmay_the_grid_square_5x5_shrine2,
          minmay_the_grid_triangle_9x9_pentomino_pain,
          minmay_the_grid_triangle_9x9_skeleton,
          minmay_the_grid_triangle_9x9_subtriangle,
          minmay_the_grid_triangle_9x9_corrupted_corridor,
          minmay_the_grid_triangle_9x9_semitri,
          minmay_the_grid_triangle_9x9_odd_lines,
          minmay_the_grid_triangle_9x9_flanged_cone,
          minmay_the_grid_triangle_9x9_descending_squares,
          minmay_the_grid_triangle_9x9_steps,
          minmay_the_grid_triangle_9x9_wacky_v,
          minmay_the_grid_triangle_9x9_corruption,
          minmay_the_grid_triangle_9x9_zippers_horizontal,
          minmay_the_grid_triangle_9x9_warning,
          minmay_the_grid_triangle_9x9_minimal,
          minmay_the_grid_triangle_9x9_zippers_vertical,
          minmay_the_grid_triangle_9x9_empty, minmay_the_grid_square_5x5_n,
          minmay_the_grid_octo_fan_narrow, minmay_the_grid_octo_checkered,
          minmay_the_grid_octo_empty, minmay_the_grid_octo_shrine,
          minmay_the_grid_octo_77, minmay_the_grid_octo_horde,
          minmay_the_grid_octo_checkerflower, minmay_the_grid_octo_toaster,
          minmay_the_grid_empty, minmay_the_grid_garden, minmay_the_grid_slots,
          minmay_the_grid_holed_spiral], pan_entry, hell_entry
Depths:3: kennysheep_spiral_hall, layout_cave_shapes, serial_shops,
          nicolae_shop_tiny_real_fake_doors, nicolae_square_shop,
          gammafunk_ghost_crypt, rand_demon_pan_entry_9,
          small_statue_intersection, abyss_entry, hangedman_coc_ice_floe,
          minmay_shoptagon
Depths:4: evilmike_zot_entry_basic, layout_cross, chequers_jeans, abyss_entry,
          hell_entry, uniq_xtahua
Hell
Dis:1:    layout_gridville
Dis:2:    layout_gridville
Dis:3:    layout_gridville
Dis:4:    layout_overlapping_boxes
Dis:5:    layout_gridville
Dis:6:    layout_regular_city
Dis:7:    dis_grunt_layers
Geh:1:    layout_gehenna_pools_basic, nicolae_hells_seeping_fissure
Geh:2:    layout_gehenna_lava_caves
Geh:3:    layout_gehenna_pools_basic
Geh:4:    layout_gehenna_lava_caves
Geh:5:    hangedman_generic_boss_arena
Geh:6:    layout_gehenna_pools_basic
Geh:7:    evilmike_geh
Coc:1:    nicolae_coc_three_mouths, layout_ice_bergs
Coc:2:    layout_ice_bergs
Coc:3:    layout_ice_bergs, nicolae_coc_icebean_singular
          [nicolae_sub_coc_subbean]
Coc:4:    layout_cocytus_water_paths
Coc:5:    nooodl_cocytus_jagged_cave
Coc:6:    layout_cocytus_water_paths
Coc:7:    coc_hangedman
Tar:1:    layout_grid_maze, nicolae_hells_leichenhalle
Tar:2:    layout_catacombs, nicolae_hells_seeping_fissure
Tar:3:    layout_honeycomb, nicolae_tar_honey_rotating
Tar:4:    layout_honeycomb
Tar:5:    layout_grid_maze, nicolae_tar_cuneiform_oil, nicolae_tar_cuneiform_two
Tar:6:    layout_grid_maze, nicolae_tar_cuneiform_oil
Tar:7:    tar_minmay_river
Zot:1:    layout_gridlike, regret_index_zotdec_bone_old
Zot:2:    regret_index_zot_pan_timeshare, layout_onion_interference
Zot:3:    layout_cellular_growth, nicolae_transporter_circle, uniq_tiamat
Zot:4:    layout_gridlike, hangedman_zot_decor_scrapings
Zot:5:    layout_basic

Skill      XL: |  1  2  3  4  5  6  7  8  9 10 11 12 13 14 15 16 17 18 19 20 21 22 23 24 25 26 27 |
---------------+----------------------------------------------------------------------------------+-----
Fighting       | 4 6 7 8 10 12 14 16 17 18 19 20 21 22 23 24 27 | 27.0
Axes           | 4 6 7 8 10 12 14 16 17 18 19 20 21 22 24 27 | 27.0
Invocations    | 2 5 6 7 8 10 11 12 14 15 16 18 21 22 27 | 27.0
Armour         | 1 4 7 9 10 12 14 16 17 18 19 20 25 | 25.3
Dodging        | 5 7 9 10 11 13 15 16 17 18 20 24 | 24.8
Ranged Weapons | 4 6 10 12 | 12.0
Air Magic      | 3 8 11 13 15 19 | 19.3
Hexes          | 2 7 10 12 13 17 | 17.9
Translocations | 23 | 23.3
Spellcasting   | 10 | 10.2

Action                     |  1- 3 |  4- 6 |  7- 9 | 10-12 | 13-15 | 16-18 | 19-21 | 22-24 | 25-27 || total
---------------------------+-------+-------+-------+-------+-------+-------+-------+-------+-------++-------
  Melee: Hand axe          |    41 |   108 |    53 |       |       |       |       |       |       ||   202
         Headbutt          |     5 |    27 |    50 |   131 |   308 |   237 |   246 |   233 |  1927 ||  3164
         Broad axe         |       |       |   130 |   397 |   276 |       |       |       |       ||   803
         Battleaxe         |       |       |       |       |   744 |       |       |       |       ||   744
         Executioner's axe |       |       |       |       |   167 |  1051 |   997 |   942 |  5687 ||  8844
   Fire: Heavy crossbow    |       |       |       |       |       |       |       |       |     9 ||     9
  Throw: Dart              |       |       |       |     4 |     1 |       |       |       |       ||     5
   Cast: Silence           |       |       |       |       |       |       |       |       |     1 ||     1
         Maxwell's Portabl |       |       |       |       |       |       |       |       |     1 ||     1
 Invoke: Heroism           |       |       |       |     6 |    17 |    11 |     3 |     4 |       ||    41
         Receive Weapon    |       |       |       |       |     1 |       |       |       |       ||     1
         Receive Armour    |       |       |       |       |     1 |       |       |       |       ||     1
         Finesse           |       |       |       |       |       |     1 |       |     1 |       ||     2
         Recite            |       |       |       |       |       |       |       |       |     5 ||     5
         Vitalisation      |       |       |       |       |       |       |       |       |     4 ||     4
         Brand Weapon With |       |       |       |       |       |       |       |       |     1 ||     1
         Cleansing Flame   |       |       |       |       |       |       |       |       |    40 ||    40
         Summon Divine War |       |       |       |       |       |       |       |       |    15 ||    15
         Divine Shield     |       |       |       |       |       |       |       |       |    12 ||    12
         Sanctuary         |       |       |       |       |       |       |       |       |     1 ||     1
  Evoke: Wand              |       |       |       |       |     4 |     1 |       |       |       ||     5
         Figurine of a zig |       |       |       |       |       |       |       |       |     1 ||     1
    Use: Potion            |       |       |     1 |     5 |     3 |     5 |     4 |     4 |    45 ||    67
         Scroll            |       |       |       |    14 |    13 |    13 |     7 |     6 |    44 ||    97
   Stab: Distracted        |       |       |       |       |     1 |       |       |       |     1 ||     2
         Petrified         |       |       |       |       |     2 |       |       |       |       ||     2
         Sleeping          |       |       |       |       |       |     1 |     1 |       |       ||     2
         Invisible         |       |       |       |       |       |       |       |     1 |       ||     1
         Confused          |       |       |       |       |       |       |       |       |     5 ||     5
 Armour: Robe              |    32 |    15 |       |       |       |       |       |       |       ||    47
         Scale mail        |       |    48 |   160 |   306 |   228 |  1015 |    87 |       |       ||  1844
         Skin              |       |       |       |     2 |       |       |       |       |       ||     2
         Plate armour      |       |       |       |       |   596 |       |       |       |       ||   596
         Ring mail         |       |       |       |       |       |       |   132 |       |       ||   132
         Crystal plate arm |       |       |       |       |       |       |   762 |   827 |   730 ||  2319
         Gold dragon scale |       |       |       |       |       |       |       |       |  3717 ||  3717
  Dodge: Dodged            |    31 |    55 |    85 |   373 |   744 |   924 |   699 |   493 |  3145 ||  6549
  Block: Other             |       |       |       |       |       |       |       |       |   160 ||   160
         Form:             |       |       |       |       |       |       |       |       |     1 ||     1
         Statue            |       |       |       |       |       |       |       |       |     1 ||     1

Table legend: (Time is in decaauts)
 A = Elapsed time spent in this place.
 B = Non-inter-level travel time spent in this place.
 C = Inter-level travel time spent in this place.
 D = Time resting spent in this place.
 E = Time spent auto-exploring this place.
 F = Levels seen in this place.
 G = Mean time per level.
                   A        B        C        D        E       F      G
               +--------+--------+--------+--------+--------+-----+--------+
         Total | 114258 |  95341 |  18917 |  19198 |  49949 | 107 | 1067.8 |
       Dungeon |  22406 |  14897 |   7509 |   2071 |   9817 |  15 | 1493.7 |
        Temple |    216 |    106 |    110 |    100 |      0 |   1 |  216.0 |
          Lair |   5964 |   5094 |    870 |    389 |   3705 |   5 | 1192.8 |
        Shoals |   3605 |   3305 |    300 |    316 |   1796 |   4 |  901.2 |
   Spider Nest |   6232 |   5258 |    974 |   1114 |   2820 |   4 | 1558.0 |
    Slime Pits |   2714 |   2567 |    147 |    451 |   1584 |   5 |  542.8 |
  Orcish Mines |   3428 |   2959 |    469 |    965 |   1152 |   2 | 1714.0 |
   Elven Halls |   5024 |   4447 |    577 |   1128 |   1629 |   3 | 1674.7 |
        Vaults |   8810 |   6433 |   2377 |    510 |   4276 |   5 | 1762.0 |
         Crypt |   3900 |   3059 |    841 |    140 |   2044 |   3 | 1300.0 |
          Tomb |   5381 |   4671 |    710 |   1863 |   1164 |   3 | 1793.7 |
        Depths |   6510 |   5478 |   1032 |    649 |   3315 |   4 | 1627.5 |
          Hell |   2326 |   1727 |    599 |   1085 |    391 |   1 | 2326.0 |
           Dis |   3978 |   3636 |    342 |   1207 |   1278 |   7 |  568.3 |
       Gehenna |   4248 |   3917 |    331 |   1817 |   1168 |   7 |  606.9 |
       Cocytus |   3620 |   3337 |    283 |   1365 |    727 |   7 |  517.1 |
      Tartarus |   5674 |   5181 |    493 |   1745 |   2056 |   7 |  810.6 |
           Zot |   6716 |   5769 |    947 |   1253 |   3295 |   5 | 1343.2 |
         Abyss |   2137 |   2137 |      0 |    117 |   1129 |   5 |  427.4 |
   Pandemonium |   9999 |   9999 |      0 |    574 |   6289 |  11 |  909.0 |
         Trove |     66 |     66 |      0 |      0 |      0 |   1 |   66.0 |
      Ice Cave |    601 |    601 |      0 |    238 |     89 |   1 |  601.0 |
      Gauntlet |    692 |    692 |      0 |     96 |    220 |   1 |  692.0 |
               +--------+--------+--------+--------+--------+-----+--------+

Top non-repeatable levels by time:
  Tomb:1: 3386 daAuts
   Tar:7: 3332 daAuts
    D:13: 2964 daAuts
   Orc:2: 2619 daAuts
   Dis:7: 2574 daAuts
   Geh:7: 2539 daAuts
    D:15: 2365 daAuts
Depths:2: 2348 daAuts
    Hell: 2326 daAuts
Vaults:2: 2131 daAuts
     D:7: 1927 daAuts
Spider:3: 1894 daAuts
    D:14: 1813 daAuts
   Elf:1: 1807 daAuts
Depths:1: 1782 daAuts
